Workbook

Sheet Posição Financeira
A1: Demonstração Consolidada da Posição Finaceira
B3: 2011 | C3: 2010 | D3: 2009 | E3: 2008 | F3: Variação em valor absoluto 2011 - 2010 | G3: % | H3: Variação em valor absoluto 2010 - 2009 | I3: % | J3: Variação em valor absoluto 2009 - 2008 | K3: %
A4: Activo
A5: Activo Corrente
A6: Caixa e equivalentes de caixa | F6: =B6-C6 -> 0 | G6: =F6/B6 -> #DIV/0! | H6: =C6-D6 -> 0 | I6: =H6/C6 -> #DIV/0! | J6: =D6-E6 -> 0 | K6: =J6/D6 -> #DIV/0!
A7: Investimentos de curto prazo | F7: =B7-C7 -> 0 | G7: =F7/B7 -> #DIV/0! | H7: =C7-D7 -> 0 | I7: =H7/C7 -> #DIV/0! | J7: =D7-E7 -> 0 | K7: =J7/D7 -> #DIV/0!
A8: Contas a receber - clientes | F8: =B8-C8 -> 0 | G8: =F8/B8 -> #DIV/0! | H8: =C8-D8 -> 0 | I8: =H8/C8 -> #DIV/0! | J8: =D8-E8 -> 0 | K8: =J8/D8 -> #DIV/0!
A9: Contas a receber - outros | F9: =B9-C9 -> 0 | G9: =F9/B9 -> #DIV/0! | H9: =C9-D9 -> 0 | I9: =H9/C9 -> #DIV/0! | J9: =D9-E9 -> 0 | K9: =J9/D9 -> #DIV/0!
A10: Existências | F10: =B10-C10 -> 0 | G10: =F10/B10 -> #DIV/0! | H10: =C10-D10 -> 0 | I10: =H10/C10 -> #DIV/0! | J10: =D10-E10 -> 0 | K10: =J10/D10 -> #DIV/0!
A11: Impostos a recuperar | F11: =B11-C11 -> 0 | G11: =F11/B11 -> #DIV/0! | H11: =C11-D11 -> 0 | I11: =H11/C11 -> #DIV/0! | J11: =D11-E11 -> 0 | K11: =J11/D11 -> #DIV/0!
A12: Custos diferidos | F12: =B12-C12 -> 0 | G12: =F12/B12 -> #DIV/0! | H12: =C12-D12 -> 0 | I12: =H12/C12 -> #DIV/0! | J12: =D12-E12 -> 0 | K12: =J12/D12 -> #DIV/0!
A13: Depósitos judiciais | F13: =B13-C13 -> 0 | G13: =F13/B13 -> #DIV/0! | H13: =C13-D13 -> 0 | I13: 0 | J13: =D13-E13 -> 0 | K13: 0
A14: Outros ativos correntes | F14: =B14-C14 -> 0 | G14: =F14/B14 -> #DIV/0! | H14: =C14-D14 -> 0 | I14: =H14/C14 -> #DIV/0! | J14: =D14-E14 -> 0 | K14: =J14/D14 -> #DIV/0!
A15: Ativos não correntes detidos para venda | F15: =B15-C15 -> 0 | G15: 0 | H15: =C15-D15 -> 0 | I15: =H15/C15 -> #DIV/0! | J15: =D15-E15 -> 0 | K15: 0
A16: Total do Activo Corrente | B16: =SUM(B6:B15) -> 0 | C16: =SUM(C6:C15) -> 0 | D16: =SUM(D6:D15) -> 0 | E16: =SUM(E6:E15) -> 0 | F16: =B16-C16 -> 0 | G16: =F16/B16 -> #DIV/0! | H16: =C16-D16 -> 0 | I16: =H16/C16 -> #DIV/0! | J16: =D16-E16 -> 0 | K16: =J16/D16 -> #DIV/0!
A18: Activo não corrente
A19: Contas a receber - clientes | F19: =B19-C19 -> 0 | G19: =F19/B19 -> #DIV/0! | H19: =C19-D19 -> 0 | I19: =H19/C19 -> #DIV/0! | J19: =D19-E19 -> 0 | K19: =J19/D19 -> #DIV/0!
A20: Contas a receber - outros | F20: =B20-C20 -> 0 | G20: =F20/B20 -> #DIV/0! | H20: =C20-D20 -> 0 | I20: =H20/C20 -> #DIV/0! | J20: =D20-E20 -> 0 | K20: =J20/D20 -> #DIV/0!
A21: Impostos a recuperar | F21: =B21-C21 -> 0 | G21: =F21/B21 -> #DIV/0! | H21: =C21-D21 -> 0 | I21: =H21/C21 -> #DIV/0! | J21: =D21-E21 -> 0 | K21: =J21/D21 -> #DIV/0!
A22: Investimentos em empresas participadas | F22: =B22-C22 -> 0 | G22: =F22/B22 -> #DIV/0! | H22: =C22-D22 -> 0 | I22: =H22/C22 -> #DIV/0! | J22: =D22-E22 -> 0 | K22: =J22/D22 -> #DIV/0!
A23: Outros investimentos | F23: =B23-C23 -> 0 | G23: =F23/B23 -> #DIV/0! | H23: =C23-D23 -> 0 | I23: =H23/C23 -> #DIV/0! | J23: =D23-E23 -> 0 | K23: =J23/D23 -> #DIV/0!
A24: Ativos intangíveis | F24: =B24-C24 -> 0 | G24: =F24/B24 -> #DIV/0! | H24: =C24-D24 -> 0 | I24: =H24/C24 -> #DIV/0! | J24: =D24-E24 -> 0 | K24: =J24/D24 -> #DIV/0!
A25: Ativos tangíveis | F25: =B25-C25 -> 0 | G25: =F25/B25 -> #DIV/0! | H25: =C25-D25 -> 0 | I25: =H25/C25 -> #DIV/0! | J25: =D25-E25 -> 0 | K25: =J25/D25 -> #DIV/0!
A26: Benefícios de reforma | F26: =B26-C26 -> 0 | G26: =F26/B26 -> #DIV/0! | H26: =C26-D26 -> 0 | I26: =H26/C26 -> #DIV/0! | J26: =D26-E26 -> 0 | K26: =J26/D26 -> #DIV/0!
A27: Ativos por impostos diferidos | F27: =B27-C27 -> 0 | G27: =F27/B27 -> #DIV/0! | H27: =C27-D27 -> 0 | I27: =H27/C27 -> #DIV/0! | J27: =D27-E27 -> 0 | K27: =J27/D27 -> #DIV/0!
A28: Depósitos judiciais | F28: =B28-C28 -> 0 | G28: =F28/B28 -> #DIV/0! | H28: =C28-D28 -> 0 | I28: 0 | J28: =D28-E28 -> 0 | K28: 0
A29: Outros ativos não correntes | F29: =B29-C29 -> 0 | G29: =F29/B29 -> #DIV/0! | H29: =C29-D29 -> 0 | I29: =H29/C29 -> #DIV/0! | J29: =D29-E29 -> 0 | K29: =J29/D29 -> #DIV/0!
A30: Total do Activo não corrente | B30: =SUM(B19:B29) -> 0 | C30: =SUM(C19:C29) -> 0 | D30: =SUM(D19:D29) -> 0 | E30: =SUM(E19:E29) -> 0 | F30: =B30-C30 -> 0 | G30: =F30/B30 -> #DIV/0! | H30: =C30-D30 -> 0 | I30: =H30/C30 -> #DIV/0! | J30: =D30-E30 -> 0 | K30: =J30/D30 -> #DIV/0!
A31: Total do Activo | B31: =B30+B16 -> 0 | C31: =C30+C16 -> 0 | D31: =D30+D16 -> 0 | E31: =E30+E16 -> 0 | F31: =B31-C31 -> 0 | G31: =F31/B31 -> #DIV/0! | H31: =C31-D31 -> 0 | I31: =H31/C31 -> #DIV/0! | J31: =D31-E31 -> 0 | K31: =J31/D31 -> #DIV/0!
A33: PASSIVO
A34: Passivo corrente
A35: Dívida de curto prazo | F35: =B35-C35 -> 0 | G35: =F35/B35 -> #DIV/0! | H35: =C35-D35 -> 0 | I35: =H35/C35 -> #DIV/0! | J35: =D35-E35 -> 0 | K35: =J35/D35 -> #DIV/0!
A36: Contas a pagar | F36: =B36-C36 -> 0 | G36: =F36/B36 -> #DIV/0! | H36: =C36-D36 -> 0 | I36: =H36/C36 -> #DIV/0! | J36: =D36-E36 -> 0 | K36: =J36/D36 -> #DIV/0!
A37: Acréscimos de custos | F37: =B37-C37 -> 0 | G37: =F37/B37 -> #DIV/0! | H37: =C37-D37 -> 0 | I37: =H37/C37 -> #DIV/0! | J37: =D37-E37 -> 0 | K37: =J37/D37 -> #DIV/0!
A38: Proveitos diferidos | F38: =B38-C38 -> 0 | G38: =F38/B38 -> #DIV/0! | H38: =C38-D38 -> 0 | I38: =H38/C38 -> #DIV/0! | J38: =D38-E38 -> 0 | K38: =J38/D38 -> #DIV/0!
A39: Impostos a pagar | F39: =B39-C39 -> 0 | G39: =F39/B39 -> #DIV/0! | H39: =C39-D39 -> 0 | I39: =H39/C39 -> #DIV/0! | J39: =D39-E39 -> 0 | K39: =J39/D39 -> #DIV/0!
A40: Provisões | F40: =B40-C40 -> 0 | G40: =F40/B40 -> #DIV/0! | H40: =C40-D40 -> 0 | I40: =H40/C40 -> #DIV/0! | J40: =D40-E40 -> 0 | K40: =J40/D40 -> #DIV/0!
A41: Outros passivos correntes | F41: =B41-C41 -> 0 | G41: =F41/B41 -> #DIV/0! | H41: =C41-D41 -> 0 | I41: =H41/C41 -> #DIV/0! | J41: =D41-E41 -> 0 | K41: =J41/D41 -> #DIV/0!
A42: Total do Passivo Corrente | B42: =SUM(B35:B41) -> 0 | C42: =SUM(C35:C41) -> 0 | D42: =SUM(D35:D41) -> 0 | E42: =SUM(E35:E41) -> 0 | F42: =B42-C42 -> 0 | G42: =F42/B42 -> #DIV/0! | H42: =C42-D42 -> 0 | I42: =H42/C42 -> #DIV/0! | J42: =D42-E42 -> 0 | K42: =J42/D42 -> #DIV/0!
A44: Passivo não corrente
A45: Dívida de médio e longo prazo | F45: =B45-C45 -> 0 | G45: =F45/B45 -> #DIV/0! | H45: =C45-D45 -> 0 | I45: =H45/C45 -> #DIV/0! | J45: =D45-E45 -> 0 | K45: =J45/D45 -> #DIV/0!
A46: Contas a pagar | F46: =B46-C46 -> 0 | G46: =F46/B46 -> #DIV/0! | H46: =C46-D46 -> 0 | I46: 0 | J46: =D46-E46 -> 0 | K46: 0
A47: Impostos a pagar | F47: =B47-C47 -> 0 | G47: =F47/B47 -> #DIV/0! | H47: =C47-D47 -> 0 | I47: =H47/C47 -> #DIV/0! | J47: =D47-E47 -> 0 | K47: =J47/D47 -> #DIV/0!
A48: Provisões | F48: =B48-C48 -> 0 | G48: =F48/B48 -> #DIV/0! | H48: =C48-D48 -> 0 | I48: =H48/C48 -> #DIV/0! | J48: =D48-E48 -> 0 | K48: =J48/D48 -> #DIV/0!
A49: Benefícios de reforma | F49: =B49-C49 -> 0 | G49: =F49/B49 -> #DIV/0! | H49: =C49-D49 -> 0 | I49: =H49/C49 -> #DIV/0! | J49: =D49-E49 -> 0 | K49: =J49/D49 -> #DIV/0!
A50: Passivos por impostos diferidos | F50: =B50-C50 -> 0 | G50: =F50/B50 -> #DIV/0! | H50: =C50-D50 -> 0 | I50: =H50/C50 -> #DIV/0! | J50: =D50-E50 -> 0 | K50: =J50/D50 -> #DIV/0!
A51: Outros passivos não correntes | F51: =B51-C51 -> 0 | G51: =F51/B51 -> #DIV/0! | H51: =C51-D51 -> 0 | I51: =H51/C51 -> #DIV/0! | J51: =D51-E51 -> 0 | K51: =J51/D51 -> #DIV/0!
A52: Total do Passivo não corrente | B52: =SUM(B45:B51) -> 0 | C52: =SUM(C45:C51) -> 0 | D52: =SUM(D45:D51) -> 0 | E52: =SUM(E45:E51) -> 0 | F52: =B52-C52 -> 0 | G52: =F52/B52 -> #DIV/0! | H52: =C52-D52 -> 0 | I52: =H52/C52 -> #DIV/0! | J52: =D52-E52 -> 0 | K52: =J52/D52 -> #DIV/0!
A53: Total do Passivo | B53: =B52+B42 -> 0 | C53: =C52+C42 -> 0 | D53: =D52+D42 -> 0 | E53: =E52+E42 -> 0 | F53: =B53-C53 -> 0 | G53: =F53/B53 -> #DIV/0! | H53: =C53-D53 -> 0 | I53: =H53/C53 -> #DIV/0! | J53: =D53-E53 -> 0 | K53: =J53/D53 -> #DIV/0!
A55: CAPITAL PRÓPRIO
A56: Capital social | F56: =B56-C56 -> 0 | G56: =F56/B56 -> #DIV/0! | H56: =C56-D56 -> 0 | I56: =H56/C56 -> #DIV/0! | J56: =D56-E56 -> 0 | K56: =J56/D56 -> #DIV/0!
A57: Ações próprias | F57: =B57-C57 -> 0 | G57: =F57/B57 -> #DIV/0! | H57: =C57-D57 -> 0 | I57: =H57/C57 -> #DIV/0! | J57: =D57-E57 -> 0 | K57: =J57/D57 -> #DIV/0!
A58: Reserva legal | F58: =B58-C58 -> 0 | G58: =F58/B58 -> #DIV/0! | H58: =C58-D58 -> 0 | I58: =H58/C58 -> #DIV/0! | J58: =D58-E58 -> 0 | K58: =J58/D58 -> #DIV/0!
A59: Reserva de ações próprias | F59: =B59-C59 -> 0 | G59: =F59/B59 -> #DIV/0! | H59: =C59-D59 -> 0 | I59: =H59/C59 -> #DIV/0! | J59: =D59-E59 -> 0 | K59: =J59/D59 -> #DIV/0!
A60: Reserva de reavaliação | F60: =B60-C60 -> 0 | G60: =F60/B60 -> #DIV/0! | H60: =C60-D60 -> 0 | I60: =H60/C60 -> #DIV/0! | J60: =D60-E60 -> 0 | K60: 0
A61: Outras reservas e resultados acumulados | F61: =B61-C61 -> 0 | G61: =F61/B61 -> #DIV/0! | H61: =C61-D61 -> 0 | I61: =H61/C61 -> #DIV/0! | J61: =D61-E61 -> 0 | K61: =J61/D61 -> #DIV/0!
A62: Capital próprio excluindo interesses não controladores | F62: =B62-C62 -> 0 | G62: =F62/B62 -> #DIV/0! | H62: =C62-D62 -> 0 | I62: =H62/C62 -> #DIV/0! | J62: =D62-E62 -> 0 | K62: =J62/D62 -> #DIV/0!
A63: Interesses não controladores | F63: =B63-C63 -> 0 | G63: =F63/B63 -> #DIV/0! | H63: =C63-D63 -> 0 | I63: =H63/C63 -> #DIV/0! | J63: =D63-E63 -> 0 | K63: =J63/D63 -> #DIV/0!
A65: Total do capital próprio | B65: =B62+B63 -> 0 | C65: =C62+C63 -> 0 | D65: =D62+D63 -> 0 | E65: =E62+E63 -> 0 | F65: =B65-C65 -> 0 | G65: =F65/B65 -> #DIV/0! | H65: =C65-D65 -> 0 | I65: =H65/C65 -> #DIV/0! | J65: =D65-E65 -> 0 | K65: =J65/D65 -> #DIV/0!
A66: Total do capital próprio e do passivo | B66: =B65+B53 -> 0 | C66: =C65+C53 -> 0 | D66: =D65+D53 -> 0 | E66: =E65+E53 -> 0 | F66: =B66-C66 -> 0 | G66: =F66/B66 -> #DIV/0! | H66: =C66-D66 -> 0 | I66: =H66/C66 -> #DIV/0! | J66: =D66-E66 -> 0 | K66: =J66/D66 -> #DIV/0!

Sheet DR
A1: Demonstração Consolidada de Resultados
B3: 2011 | C3: 2010 | D3: 2009 | E3: 2008 | F3: Variação em valor absoluto 2011 - 2010 | G3: % | H3: Variação em valor absoluto 2010 - 2009 | I3: % | J3: Variação em valor absoluto 2009 - 2008 | K3: %
A4: Operações continuadas
A5: Receitas
A6: Prestação de Serviços | F6: =B6-C6 -> 0 | G6: =F6/B6 -> #DIV/0! | H6: =C6-D6 -> 0 | I6: =H6/C6 -> #DIV/0! | J6: =D6-E6 -> 0 | K6: =J6/E6 -> #DIV/0!
A7: Vendas | F7: =B7-C7 -> 0 | G7: =F7/B7 -> #DIV/0! | H7: =C7-D7 -> 0 | I7: =H7/C7 -> #DIV/0! | J7: =D7-E7 -> 0 | K7: =J7/E7 -> #DIV/0!
A8: Outras Receitas | F8: =B8-C8 -> 0 | G8: =F8/B8 -> #DIV/0! | H8: =C8-D8 -> 0 | I8: =H8/C8 -> #DIV/0! | J8: =D8-E8 -> 0 | K8: =J8/E8 -> #DIV/0!
B9: =B6+B7+B8 -> 0 | C9: =C6+C7+C8 -> 0 | D9: =D6+D7+D8 -> 0 | E9: =E6+E7+E8 -> 0 | F9: =B9-C9 -> 0 | G9: =F9/B9 -> #DIV/0! | H9: =C9-D9 -> 0 | I9: =H9/C9 -> #DIV/0! | J9: =D9-E9 -> 0 | K9: =J9/E9 -> #DIV/0!
A10: Custos Perdas e Ganhos
A11: Custos com o Pessoal | F11: =B11-C11 -> 0 | G11: =F11/B11 -> #DIV/0! | H11: =C11-D11 -> 0 | I11: =H11/C11 -> #DIV/0! | J11: =D11-E11 -> 0 | K11: =J11/E11 -> #DIV/0!
A12: Custos Diretos dos Serviços Prestados | F12: =B12-C12 -> 0 | G12: =F12/B12 -> #DIV/0! | H12: =C12-D12 -> 0 | I12: =H12/C12 -> #DIV/0! | J12: =D12-E12 -> 0 | K12: =J12/E12 -> #DIV/0!
A13: Custos das Mercadorias Vendidas | F13: =B13-C13 -> 0 | G13: =F13/B13 -> #DIV/0! | H13: =C13-D13 -> 0 | I13: =H13/C13 -> #DIV/0! | J13: =D13-E13 -> 0 | K13: =J13/E13 -> #DIV/0!
A14: Marketing e Publicidade | F14: =B14-C14 -> 0 | G14: =F14/B14 -> #DIV/0! | H14: =C14-D14 -> 0 | I14: =H14/C14 -> #DIV/0! | J14: =D14-E14 -> 0 | K14: =J14/E14 -> #DIV/0!
A15: FSE e outras despesas | F15: =B15-C15 -> 0 | G15: =F15/B15 -> #DIV/0! | H15: =C15-D15 -> 0 | I15: =H15/C15 -> #DIV/0! | J15: =D15-E15 -> 0 | K15: =J15/E15 -> #DIV/0!
A16: Impostos indiretos | F16: =B16-C16 -> 0 | G16: =F16/B16 -> #DIV/0! | H16: =C16-D16 -> 0 | I16: =H16/C16 -> #DIV/0! | J16: =D16-E16 -> 0 | K16: =J16/E16 -> #DIV/0!
A17: Provisões e Ajustamentos | F17: =B17-C17 -> 0 | G17: =F17/B17 -> #DIV/0! | H17: =C17-D17 -> 0 | I17: =H17/C17 -> #DIV/0! | J17: =D17-E17 -> 0 | K17: =J17/E17 -> #DIV/0!
A18: Amortizações | F18: =B18-C18 -> 0 | G18: =F18/B18 -> #DIV/0! | H18: =C18-D18 -> 0 | I18: =H18/C18 -> #DIV/0! | J18: =D18-E18 -> 0 | K18: =J18/E18 -> #DIV/0!
A19: Custos com beneficios de reformas | F19: =B19-C19 -> 0 | G19: =F19/B19 -> #DIV/0! | H19: =C19-D19 -> 0 | I19: =H19/C19 -> #DIV/0! | J19: =D19-E19 -> 0 | K19: =J19/E19 -> #DIV/0!
A20: Custos com redução de efectivos | F20: =B20-C20 -> 0 | G20: =F20/B20 -> #DIV/0! | H20: =C20-D20 -> 0 | I20: =H20/C20 -> #DIV/0! | J20: =D20-E20 -> 0 | K20: =J20/E20 -> #DIV/0!
A21: Ganhos com a alienção de ativos fixos Liquidos | F21: =B21-C21 -> 0 | G21: =F21/B21 -> #DIV/0! | H21: =C21-D21 -> 0 | I21: =H21/C21 -> #DIV/0! | J21: =D21-E21 -> 0 | K21: =J21/E21 -> #DIV/0!
A22: Outros custos liquidos | F22: =B22-C22 -> 0 | G22: =F22/B22 -> #DIV/0! | H22: =C22-D22 -> 0 | I22: =H22/C22 -> #DIV/0! | J22: =D22-E22 -> 0 | K22: =J22/E22 -> #DIV/0!
B23: =SUM(B11:B22) -> 0 | C23: =SUM(C11:C22) -> 0 | D23: =SUM(D11:D22) -> 0 | E23: =SUM(E11:E22) -> 0 | F23: =B23-C23 -> 0 | G23: =F23/B23 -> #DIV/0! | H23: =C23-D23 -> 0 | I23: =H23/C23 -> #DIV/0! | J23: =D23-E23 -> 0 | K23: =J23/E23 -> #DIV/0!
A24: Resultados antes dos resultados finaceiros e de impostos | B24: =B9-B23 -> 0 | C24: =C9-C23 -> 0 | D24: =D9-D23 -> 0 | E24: =E9-E23 -> 0 | F24: =B24-C24 -> 0 | G24: =F24/B24 -> #DIV/0! | H24: =C24-D24 -> 0 | I24: =H24/C24 -> #DIV/0! | J24: =D24-E24 -> 0 | K24: =J24/E24 -> #DIV/0!
A26: Custos e Ganhos Finaceiros
A27: Juros liquidos | F27: =B27-C27 -> 0 | G27: =F27/B27 -> #DIV/0! | H27: =C27-D27 -> 0 | I27: =H27/C27 -> #DIV/0! | J27: =D27-E27 -> 0 | K27: =J27/E27 -> #DIV/0!
A28: Perdas (ganhos) com varições cambiais liquidas | F28: =B28-C28 -> 0 | G28: =F28/B28 -> #DIV/0! | H28: =C28-D28 -> 0 | I28: =H28/C28 -> #DIV/0! | J28: =D28-E28 -> 0 | K28: =J28/E28 -> #DIV/0!
A29: Ganhos em activos finaceiros e outros investimentos | F29: =B29-C29 -> 0 | G29: =F29/B29 -> #DIV/0! | H29: =C29-D29 -> 0 | I29: =H29/C29 -> #DIV/0! | J29: =D29-E29 -> 0 | K29: =J29/E29 -> #DIV/0!
A30: Ganhos em empresas participadas liquidos | F30: =B30-C30 -> 0 | G30: =F30/B30 -> #DIV/0! | H30: =C30-D30 -> 0 | I30: =H30/C30 -> #DIV/0! | J30: =D30-E30 -> 0 | K30: =J30/E30 -> #DIV/0!
A31: Outros custos finaceiros liquidos | F31: =B31-C31 -> 0 | G31: =F31/B31 -> #DIV/0! | H31: =C31-D31 -> 0 | I31: =H31/C31 -> #DIV/0! | J31: =D31-E31 -> 0 | K31: =J31/E31 -> #DIV/0!
B32: =B28+B27+B29+B30+B31 -> 0 | C32: =C28+C27+C29+C30+C31 -> 0 | D32: =D28+D27+D29+D30+D31 -> 0 | E32: =E28+E27+E29+E30+E31 -> 0 | F32: =B32-C32 -> 0 | G32: =F32/B32 -> #DIV/0! | H32: =C32-D32 -> 0 | I32: =H32/C32 -> #DIV/0! | J32: =D32-E32 -> 0 | K32: =J32/E32 -> #DIV/0!
A34: Resultando Antes Impostos | B34: =B24-B32 -> 0 | C34: =C24-C32 -> 0 | D34: =D24-D32 -> 0 | E34: =E24-E32 -> 0 | F34: =B34-C34 -> 0 | G34: =F34/B34 -> #DIV/0! | H34: =C34-D34 -> 0 | I34: =H34/C34 -> #DIV/0! | J34: =D34-E34 -> 0 | K34: =J34/E34 -> #DIV/0!
A35: Imposto sobre o rendimento | F35: =B35-C35 -> 0 | G35: =F35/B35 -> #DIV/0! | H35: =C35-D35 -> 0 | I35: =H35/C35 -> #DIV/0! | J35: =D35-E35 -> 0 | K35: =J35/E35 -> #DIV/0!
A36: Resultado liquido | B36: =B34-B35 -> 0 | C36: =C34-C35 -> 0 | D36: =D34-D35 -> 0 | E36: =E34-E35 -> 0 | F36: =B36-C36 -> 0 | G36: =F36/B36 -> #DIV/0! | H36: =C36-D36 -> 0 | I36: =H36/C36 -> #DIV/0! | J36: =D36-E36 -> 0 | K36: =J36/E36 -> #DIV/0!

Sheet Balanço Funcional
A1: Balanço Funcional
C2: 2011 | D2: 2010 | E2: 2009 | F2: 2008 | G2: Variação em valor absoluto 2011 - 2010 | H2: % | I2: Variação em valor absoluto 2010 - 2009 | J2: % | K2: Variação em valor absoluto 2009 - 2008 | L2: %
A3: 1=2+3 | B3: Capitais Permanentes
A4: 2 | B4: Capital Próprio | C4: ='Posição Financeira'!B62-'Posição Financeira'!B27 -> 0 | D4: ='Posição Financeira'!C62-'Posição Financeira'!C27 -> 0 | E4: ='Posição Financeira'!D62-'Posição Financeira'!D27 -> 0 | F4: ='Posição Financeira'!E62-'Posição Financeira'!E27 -> 0 | G4: =C4-D4 -> 0 | H4: =G4/C4 -> #DIV/0! | I4: =D4-E4 -> 0 | J4: =I4/D4 -> #DIV/0! | K4: =E4-F4 -> 0 | L4: =K4/E4 -> #DIV/0!
A5: 3 | B5: Capital Alheio M/LP | C5: ='Posição Financeira'!B52 -> 0 | D5: ='Posição Financeira'!C52 -> 0 | E5: ='Posição Financeira'!D52 -> 0 | F5: ='Posição Financeira'!E52 -> 0 | G5: =C5-D5 -> 0 | H5: =G5/C5 -> #DIV/0! | I5: =D5-E5 -> 0 | J5: =I5/D5 -> #DIV/0! | K5: =E5-F5 -> 0 | L5: =K5/E5 -> #DIV/0!
C6: =C4+C5 -> 0 | D6: =D4+D5 -> 0 | E6: =E4+E5 -> 0 | F6: =F4+F5 -> 0 | G6: =C6-D6 -> 0 | H6: =G6/C6 -> #DIV/0! | I6: =D6-E6 -> 0 | J6: =I6/D6 -> #DIV/0! | K6: =E6-F6 -> 0 | L6: =K6/E6 -> #DIV/0!
A8: 4 | B8: Activo Fixo | C8: ='Posição Financeira'!B30-'Posição Financeira'!B27 -> 0 | D8: ='Posição Financeira'!C30-'Posição Financeira'!C27 -> 0 | E8: ='Posição Financeira'!D30-'Posição Financeira'!D27 -> 0 | F8: ='Posição Financeira'!E30-'Posição Financeira'!E27 -> 0 | G8: =C8-D8 -> 0 | H8: =G8/C8 -> #DIV/0! | I8: =D8-E8 -> 0 | J8: =I8/D8 -> #DIV/0! | K8: =E8-F8 -> 0 | L8: =K8/E8 -> #DIV/0!
A9: 5=1-4 | B9: Fundo de Maneio | C9: =C6-C8 -> 0 | D9: =D6-D8 -> 0 | E9: =E6-E8 -> 0 | F9: =F6-F8 -> 0 | G9: =C9-D9 -> 0 | H9: =G9/C9 -> #DIV/0! | I9: =D9-E9 -> 0 | J9: =I9/D9 -> #DIV/0! | K9: =E9-F9 -> 0 | L9: =K9/E9 -> #DIV/0!
A11: 6 | B11: Necessidades de exploração
A12: 6.1 | B12: Clientes | C12: ='Posição Financeira'!B8 -> 0 | D12: ='Posição Financeira'!C8 -> 0 | E12: ='Posição Financeira'!D8 -> 0 | F12: ='Posição Financeira'!E8 -> 0 | G12: =C12-D12 -> 0 | H12: =G12/C12 -> #DIV/0! | I12: =D12-E12 -> 0 | J12: =I12/D12 -> #DIV/0! | K12: =E12-F12 -> 0 | L12: =K12/E12 -> #DIV/0!
A13: 6.2 | B13: Existências | C13: ='Posição Financeira'!B10 -> 0 | D13: ='Posição Financeira'!C10 -> 0 | E13: ='Posição Financeira'!D10 -> 0 | F13: ='Posição Financeira'!E10 -> 0 | G13: =C13-D13 -> 0 | H13: =G13/C13 -> #DIV/0! | I13: =D13-E13 -> 0 | J13: =I13/D13 -> #DIV/0! | K13: =E13-F13 -> 0 | L13: =K13/E13 -> #DIV/0!
A14: 6.3 | B14: Adiantamentos a fornecedores | G14: =C14-D14 -> 0 | H14: =G14/C14 -> #DIV/0! | I14: =D14-E14 -> 0 | J14: =I14/D14 -> #DIV/0! | K14: =E14-F14 -> 0 | L14: =K14/E14 -> #DIV/0!
A15: 6.4 | B15: Estado e outros Entes públicos (a receber) | C15: ='Posição Financeira'!B11 -> 0 | D15: ='Posição Financeira'!C11 -> 0 | E15: ='Posição Financeira'!D11 -> 0 | F15: ='Posição Financeira'!E11 -> 0 | G15: =C15-D15 -> 0 | H15: =G15/C15 -> #DIV/0! | I15: =D15-E15 -> 0 | J15: =I15/D15 -> #DIV/0! | K15: =E15-F15 -> 0 | L15: =K15/E15 -> #DIV/0!
A16: 6.5 | B16: Contas a receber - outros | G16: =C16-D16 -> 0 | H16: =G16/C16 -> #DIV/0! | I16: =D16-E16 -> 0 | J16: =I16/D16 -> #DIV/0! | K16: =E16-F16 -> 0 | L16: =K16/E16 -> #DIV/0!
A17: 6.6 | B17: Custos diferidos | H17: =G17/C17 -> #DIV/0! | I17: =D17-E17 -> 0 | J17: =I17/D17 -> #DIV/0! | K17: =E17-F17 -> 0 | L17: =K17/E17 -> #DIV/0!
C18: =SUM(C12:C17) -> 0 | D18: =SUM(D12:D17) -> 0 | E18: =SUM(E12:E17) -> 0 | F18: =SUM(F12:F17) -> 0 | G18: =C18-D18 -> 0 | H18: =G18/C18 -> #DIV/0! | I18: =D18-E18 -> 0 | J18: =I18/D18 -> #DIV/0! | K18: =E18-F18 -> 0 | L18: =K18/E18 -> #DIV/0!
A20: 7 | B20: Recursos de exploração
A21: 7.1 | B21: Fornecedores | G21: =C21-D21 -> 0 | H21: =G21/C21 -> #DIV/0! | I21: =D21-E21 -> 0 | J21: =I21/D21 -> #DIV/0! | K21: =E21-F21 -> 0 | L21: =K21/E21 -> #DIV/0!
A22: 7.2 | B22: Estado e outros Entes públicos (a pagar) | C22: ='Posição Financeira'!B39 -> 0 | D22: ='Posição Financeira'!C39 -> 0 | E22: ='Posição Financeira'!D39 -> 0 | F22: ='Posição Financeira'!E39 -> 0 | G22: =C22-D22 -> 0 | H22: =G22/C22 -> #DIV/0! | I22: =D22-E22 -> 0 | J22: =I22/D22 -> #DIV/0! | K22: =E22-F22 -> 0 | L22: =K22/E22 -> #DIV/0!
A23: 7.3 | B23: Contas a pagar | G23: =C23-D23 -> 0 | H23: =G23/C23 -> #DIV/0! | I23: =D23-E23 -> 0 | J23: =I23/D23 -> #DIV/0! | K23: =E23-F23 -> 0 | L23: =K23/E23 -> #DIV/0!
A24: 7.4 | B24: Acréscimos de custos | G24: =C24-D24 -> 0 | H24: =G24/C24 -> #DIV/0! | I24: =D24-E24 -> 0 | J24: =I24/D24 -> #DIV/0! | K24: =E24-F24 -> 0 | L24: =K24/E24 -> #DIV/0!
A25: 7.5 | B25: Proveitos diferidos | G25: =C25-D25 -> 0 | H25: =G25/C25 -> #DIV/0! | I25: =D25-E25 -> 0 | J25: =I25/D25 -> #DIV/0! | K25: =E25-F25 -> 0 | L25: =K25/E25 -> #DIV/0!
C26: =SUM(C21:C25) -> 0 | D26: =SUM(D21:D25) -> 0 | E26: =SUM(E21:E25) -> 0 | F26: =SUM(F21:F25) -> 0 | G26: =C26-D26 -> 0 | H26: =G26/C26 -> #DIV/0! | I26: =D26-E26 -> 0 | J26: =I26/D26 -> #DIV/0! | K26: =E26-F26 -> 0 | L26: =K26/E26 -> #DIV/0!
A28: 8=6-7 | B28: Necessidades em fundo de maneio | C28: =C18-C26 -> 0 | D28: =D18-D26 -> 0 | E28: =E18-E26 -> 0 | F28: =F18-F26 -> 0 | G28: =C28-D28 -> 0 | H28: =G28/C28 -> #DIV/0! | I28: =D28-E28 -> 0 | J28: =I28/D28 -> #DIV/0! | K28: =E28-F28 -> 0 | L28: =K28/E28 -> #DIV/0!
A30: 9 | B30: Tesouraria Activa
A31: 9.1 | B31: Depositos à Ordem/ caixa | C31: ='Posição Financeira'!B6 -> 0 | D31: ='Posição Financeira'!C6 -> 0 | E31: ='Posição Financeira'!D6 -> 0 | F31: ='Posição Financeira'!E6 -> 0 | G31: =C31-D31 -> 0 | H31: =G31/C31 -> #DIV/0! | I31: =D31-E31 -> 0 | J31: =I31/D31 -> #DIV/0! | K31: =E31-F31 -> 0 | L31: =K31/E31 -> #DIV/0!
A32: 9.2 | B32: Investimentos de curto prazo | C32: ='Posição Financeira'!B7 -> 0 | D32: ='Posição Financeira'!C7 -> 0 | E32: ='Posição Financeira'!D7 -> 0 | F32: ='Posição Financeira'!E7 -> 0 | G32: =C32-D32 -> 0 | H32: =G32/C32 -> #DIV/0! | I32: =D32-E32 -> 0 | J32: =I32/D32 -> #DIV/0! | K32: =E32-F32 -> 0 | L32: =K32/E32 -> #DIV/0!
A33: 9.3 | B33: Contas a receber - outros | G33: =C33-D33 -> 0 | H33: =G33/C33 -> #DIV/0! | I33: =D33-E33 -> 0 | J33: =I33/D33 -> #DIV/0! | K33: =E33-F33 -> 0 | L33: 0
A34: 9.4 | B34: Contas a receber da Telefónica | G34: =C34-D34 -> 0 | H34: 0 | I34: =D34-E34 -> 0 | J34: =I34/D34 -> #DIV/0! | K34: =E34-F34 -> 0 | L34: 0
A35: 9.5 | B35: Custos diferidos | G35: =C35-D35 -> 0 | H35: =G35/C35 -> #DIV/0! | I35: =D35-E35 -> 0 | J35: =I35/D35 -> #DIV/0! | K35: =E35-F35 -> 0 | L35: =K35/E35 -> #DIV/0!
A36: 9.6 | B36: Depósitos judiciais | C36: ='Posição Financeira'!B13 -> 0 | D36: 1629 | E36: 27646138 | F36: 16589316 | G36: =C36-D36 -> -1629 | H36: =G36/C36 -> #DIV/0! | I36: =D36-E36 -> -27644509 | J36: =I36/D36 -> -16970.233 | K36: =E36-F36 -> 11056822 | L36: =K36/E36 -> 0.39994092
A37: 9.7 | B37: Outros ativos correntes | C37: ='Posição Financeira'!B14 -> 0 | D37: ='Posição Financeira'!C14 -> 0 | E37: ='Posição Financeira'!D14 -> 0 | F37: ='Posição Financeira'!E14 -> 0 | G37: =C37-D37 -> 0 | H37: =G37/C37 -> #DIV/0! | I37: =D37-E37 -> 0 | J37: =I37/D37 -> #DIV/0! | K37: =E37-F37 -> 0 | L37: =K37/E37 -> #DIV/0!
A38: 9.8 | B38: Activos não correntes detidos para venda | C38: ='Posição Financeira'!B15 -> 0 | D38: ='Posição Financeira'!C15 -> 0 | E38: ='Posição Financeira'!D15 -> 0 | F38: ='Posição Financeira'!E15 -> 0 | G38: =C38-D38 -> 0 | H38: 0 | I38: =D38-E38 -> 0 | J38: =I38/D38 -> #DIV/0! | K38: =E38-F38 -> 0 | L38: 0
C39: =SUM(C31:C38) -> 0 | D39: =SUM(D31:D38) -> 1629 | E39: =SUM(E31:E38) -> 27646138 | F39: =SUM(F31:F38) -> 16589316 | G39: =C39-D39 -> -1629 | H39: =G39/C39 -> #DIV/0! | I39: =D39-E39 -> -27644509 | J39: =I39/D39 -> -16970.233 | K39: =E39-F39 -> 11056822 | L39: =K39/E39 -> 0.39994092
A41: 10 | B41: Tesouraria Passiva
A42: 10.1 | B42: Empréstimos Obtidos | C42: ='Posição Financeira'!B35 -> 0 | D42: ='Posição Financeira'!C35 -> 0 | E42: ='Posição Financeira'!D35 -> 0 | F42: ='Posição Financeira'!E35 -> 0 | G42: =C42-D42 -> 0 | H42: =G42/C42 -> #DIV/0! | I42: =D42-E42 -> 0 | J42: =I42/D42 -> #DIV/0! | K42: =E42-F42 -> 0 | L42: =K42/E42 -> #DIV/0!
A43: 10.2 | B43: Contas a pagar | G43: =C43-D43 -> 0 | H43: =G43/C43 -> #DIV/0! | I43: =D43-E43 -> 0 | J43: =I43/D43 -> #DIV/0! | K43: =E43-F43 -> 0 | L43: =K43/E43 -> #DIV/0!
A44: 10.3 | B44: Acréscimos de custos | G44: =C44-D44 -> 0 | H44: =G44/C44 -> #DIV/0! | I44: =D44-E44 -> 0 | J44: =I44/D44 -> #DIV/0! | K44: =E44-F44 -> 0 | L44: =K44/E44 -> #DIV/0!
A45: 10.4 | B45: Proveitos diferidos | G45: =C45-D45 -> 0 | H45: =G45/C45 -> #DIV/0! | I45: =D45-E45 -> 0 | J45: =I45/D45 -> #DIV/0! | K45: =E45-F45 -> 0 | L45: =K45/E45 -> #DIV/0!
A46: 10.5 | B46: Provisões | C46: ='Posição Financeira'!B40 -> 0 | D46: ='Posição Financeira'!C40 -> 0 | E46: ='Posição Financeira'!D40 -> 0 | F46: ='Posição Financeira'!E40 -> 0 | G46: =C46-D46 -> 0 | H46: =G46/C46 -> #DIV/0! | I46: =D46-E46 -> 0 | J46: =I46/D46 -> #DIV/0! | K46: =E46-F46 -> 0 | L46: =K46/E46 -> #DIV/0!
A47: 10.6 | B47: Outros passivos correntes | G47: =C47-D47 -> 0 | H47: =G47/C47 -> #DIV/0! | I47: =D47-E47 -> 0 | J47: =I47/D47 -> #DIV/0! | K47: =E47-F47 -> 0 | L47: 0
A48: 10.7 | B48: Dividas a accionistas | G48: =C48-D48 -> 0 | H48: 0 | I48: =D48-E48 -> 0 | J48: =I48/D48 -> #DIV/0! | K48: =E48-F48 -> 0 | L48: =K48/E48 -> #DIV/0!
A49: 10.8 | B49: Dividendos a pagar | G49: =C49-D49 -> 0 | H49: =G49/C49 -> #DIV/0! | I49: =D49-E49 -> 0 | J49: =I49/D49 -> #DIV/0! | K49: =E49-F49 -> 0 | L49: =K49/E49 -> #DIV/0!
A50: 10.9 | B50: Interesses Minoritários | C50: ='Posição Financeira'!B63 -> 0 | D50: ='Posição Financeira'!C63 -> 0 | E50: ='Posição Financeira'!D63 -> 0 | F50: ='Posição Financeira'!E63 -> 0 | G50: =C50-D50 -> 0 | H50: =G50/C50 -> #DIV/0! | I50: =D50-E50 -> 0 | J50: =I50/D50 -> #DIV/0! | K50: =E50-F50 -> 0 | L50: =K50/E50 -> #DIV/0!
C51: =SUM(C42:C50) -> 0 | D51: =SUM(D42:D50) -> 0 | E51: =SUM(E42:E50) -> 0 | F51: =SUM(F42:F50) -> 0 | G51: =C51-D51 -> 0 | H51: =G51/C51 -> #DIV/0! | I51: =D51-E51 -> 0 | J51: =I51/D51 -> #DIV/0! | K51: =E51-F51 -> 0 | L51: =K51/E51 -> #DIV/0!
A52: 11=9-10 | B52: Tesouraria Liquida | C52: =C39-C51 -> 0 | D52: =D39-D51 -> 1629 | E52: =E39-E51 -> 27646138 | F52: =F39-F51 -> 16589316 | G52: =C52-D52 -> -1629 | H52: =G52/C52 -> #DIV/0! | I52: =D52-E52 -> -27644509 | J52: =I52/D52 -> -16970.233 | K52: =E52-F52 -> 11056822 | L52: =K52/E52 -> 0.39994092
C55: Analise da Estrutura Financeira
C56: 2011 | D56: 2010 | E56: 2009 | F56: 2008
C57: =(C5+C26+C51)/(C6+C26+C51) -> #DIV/0! | D57: =(D5+D26+D51)/(D6+D26+D51) -> #DIV/0! | E57: =(E5+E26+E51)/(E6+E26+E51) -> #DIV/0! | F57: =(F5+F26+F51)/(F6+F26+F51) -> #DIV/0!
C58: =(C26+C51)/(C5+C26+C51) -> #DIV/0! | D58: =(D26+D51)/(D5+D26+D51) -> #DIV/0! | E58: =(E26+E51)/(E5+E26+E51) -> #DIV/0! | F58: =(F26+F51)/(F5+F26+F51) -> #DIV/0!
C60: Analise da Solvabilidade
C61: 2011 | D61: 2010 | E61: 2009 | F61: 2008
C62: =C4/(C5+C26+C51) -> #DIV/0! | D62: =D4/(D5+D26+D51) -> #DIV/0! | E62: =E4/(E5+E26+E51) -> #DIV/0! | F62: n/a
C63: =(C5+C26+C51)/C4 -> #DIV/0! | D63: =(D5+D26+D51)/D4 -> #DIV/0! | E63: =(E5+E26+E51)/E4 -> #DIV/0! | F63: n/a
C64: =C4/(C6+C26+C51) -> #DIV/0! | D64: =D4/(D6+D26+D51) -> #DIV/0! | E64: =E4/(E6+E26+E51) -> #DIV/0! | F64: n/a

Sheet NFM
B1: Necessidades em fundo de maneio
C2: 2011 | D2: 2010 | E2: 2009 | F2: 2008 | G2: Variação em valor absoluto 2011 - 2010 | H2: % | I2: Variação em valor absoluto 2010 - 2009 | J2: % | K2: Variação em valor absoluto 2009 - 2008 | L2: %
A3: 1 | B3: Activo cíclico ou necessidades cíclicas
A4: 1.1 | B4: Inventários de Existências | C4: ='Balanço Funcional'!C13 -> 0 | D4: ='Balanço Funcional'!D13 -> 0 | E4: ='Balanço Funcional'!E13 -> 0 | F4: ='Balanço Funcional'!F13 -> 0 | G4: =C4-D4 -> 0 | H4: =G4/C4 -> #DIV/0! | I4: =D4-E4 -> 0 | J4: =I4/D4 -> #DIV/0! | K4: =E4-F4 -> 0 | L4: =K4/E4 -> #DIV/0!
A5: 1.2 | B5: Clientes | C5: ='Balanço Funcional'!C12 -> 0 | D5: ='Balanço Funcional'!D12 -> 0 | E5: ='Balanço Funcional'!E12 -> 0 | F5: ='Balanço Funcional'!F12 -> 0 | G5: =C5-D5 -> 0 | H5: =G5/C5 -> #DIV/0! | I5: =D5-E5 -> 0 | J5: =I5/D5 -> #DIV/0! | K5: =E5-F5 -> 0 | L5: =K5/E5 -> #DIV/0!
A6: 1.3 | B6: Adiantamentos a fornecedores | C6: ='Balanço Funcional'!C14 -> 0 | D6: ='Balanço Funcional'!D14 -> 0 | E6: ='Balanço Funcional'!E14 -> 0 | F6: ='Balanço Funcional'!F14 -> 0 | G6: =C6-D6 -> 0 | H6: =G6/C6 -> #DIV/0! | I6: =D6-E6 -> 0 | J6: =I6/D6 -> #DIV/0! | K6: =E6-F6 -> 0 | L6: =K6/E6 -> #DIV/0!
A7: 1.4 | B7: Estado e outros entes públicos operacionais | C7: ='Balanço Funcional'!C15 -> 0 | D7: ='Balanço Funcional'!D15 -> 0 | E7: ='Balanço Funcional'!E15 -> 0 | F7: ='Balanço Funcional'!F15 -> 0 | G7: =C7-D7 -> 0 | H7: =G7/C7 -> #DIV/0! | I7: =D7-E7 -> 0 | J7: =I7/D7 -> #DIV/0! | K7: =E7-F7 -> 0 | L7: =K7/E7 -> #DIV/0!
A8: 1.5 | B8: Outros devedores operacionais | C8: ='Balanço Funcional'!C16 -> 0 | D8: ='Balanço Funcional'!D16 -> 0 | E8: ='Balanço Funcional'!E16 -> 0 | F8: ='Balanço Funcional'!F16 -> 0 | G8: =C8-D8 -> 0 | H8: =G8/C8 -> #DIV/0! | I8: =D8-E8 -> 0 | J8: =I8/D8 -> #DIV/0! | K8: =E8-F8 -> 0 | L8: =K8/E8 -> #DIV/0!
A9: 1.6 | B9: Custos diferidos operacionais | C9: ='Balanço Funcional'!C17 -> 0 | D9: ='Balanço Funcional'!D17 -> 0 | E9: ='Balanço Funcional'!E17 -> 0 | F9: ='Balanço Funcional'!F17 -> 0 | G9: =C9-D9 -> 0 | H9: =G9/C9 -> #DIV/0! | I9: =D9-E9 -> 0 | J9: =I9/D9 -> #DIV/0! | K9: =E9-F9 -> 0 | L9: =K9/E9 -> #DIV/0!
C10: =SUM(C4:C9) -> 0 | D10: =SUM(D4:D9) -> 0 | E10: =SUM(E4:E9) -> 0 | F10: =SUM(F4:F9) -> 0 | G10: =C10-D10 -> 0 | H10: =G10/C10 -> #DIV/0! | I10: =D10-E10 -> 0 | J10: =I10/D10 -> #DIV/0! | K10: =E10-F10 -> 0 | L10: =K10/E10 -> #DIV/0!
A11: 2 | B11: Passivo cíclico ou recursos cíclicos
A12: 2.1 | B12: Fornecedores | C12: ='Balanço Funcional'!C21 -> 0 | D12: ='Balanço Funcional'!D21 -> 0 | E12: ='Balanço Funcional'!E21 -> 0 | F12: ='Balanço Funcional'!F21 -> 0 | G12: =C12-D12 -> 0 | H12: =G12/C12 -> #DIV/0! | I12: =D12-E12 -> 0 | J12: =I12/D12 -> #DIV/0! | K12: =E12-F12 -> 0 | L12: =K12/E12 -> #DIV/0!
A13: 2.2 | B13: Estado e outros entes públicos operacionais | C13: ='Balanço Funcional'!C22 -> 0 | D13: ='Balanço Funcional'!D22 -> 0 | E13: ='Balanço Funcional'!E22 -> 0 | F13: ='Balanço Funcional'!F22 -> 0 | G13: =C13-D13 -> 0 | H13: =G13/C13 -> #DIV/0! | I13: =D13-E13 -> 0 | J13: =I13/D13 -> #DIV/0! | K13: =E13-F13 -> 0 | L13: =K13/E13 -> #DIV/0!
A14: 2.3 | B14: Outros credores operacionais | C14: ='Balanço Funcional'!C23 -> 0 | D14: ='Balanço Funcional'!D23 -> 0 | E14: ='Balanço Funcional'!E23 -> 0 | F14: ='Balanço Funcional'!F23 -> 0 | G14: =C14-D14 -> 0 | H14: =G14/C14 -> #DIV/0! | I14: =D14-E14 -> 0 | J14: =I14/D14 -> #DIV/0! | K14: =E14-F14 -> 0 | L14: =K14/E14 -> #DIV/0!
A15: 2.4 | B15: Acréscimos de custos operacionais | C15: ='Balanço Funcional'!C24 -> 0 | D15: ='Balanço Funcional'!D24 -> 0 | E15: ='Balanço Funcional'!E24 -> 0 | F15: ='Balanço Funcional'!F24 -> 0 | G15: =C15-D15 -> 0 | H15: =G15/C15 -> #DIV/0! | I15: =D15-E15 -> 0 | J15: =I15/D15 -> #DIV/0! | K15: =E15-F15 -> 0 | L15: =K15/E15 -> #DIV/0!
A16: 2.5 | B16: Proveitos diferidos operacionais | C16: ='Balanço Funcional'!C25 -> 0 | D16: ='Balanço Funcional'!D25 -> 0 | E16: ='Balanço Funcional'!E25 -> 0 | F16: ='Balanço Funcional'!F25 -> 0 | G16: =C16-D16 -> 0 | H16: =G16/C16 -> #DIV/0! | I16: =D16-E16 -> 0 | J16: =I16/D16 -> #DIV/0! | K16: =E16-F16 -> 0 | L16: =K16/E16 -> #DIV/0!
C17: =SUM(C12:C16) -> 0 | D17: =SUM(D12:D16) -> 0 | E17: =SUM(E12:E16) -> 0 | F17: =SUM(F12:F16) -> 0 | G17: =C17-D17 -> 0 | H17: =G17/C17 -> #DIV/0! | I17: =D17-E17 -> 0 | J17: =I17/D17 -> #DIV/0! | K17: =E17-F17 -> 0 | L17: =K17/E17 -> #DIV/0!
A18: 3=1-2 | B18: Necessidades em fundo de maneio | C18: =C10-C17 -> 0 | D18: =D10-D17 -> 0 | E18: =E10-E17 -> 0 | F18: =F10-F17 -> 0 | G18: =C18-D18 -> 0 | H18: =G18/C18 -> #DIV/0! | I18: =D18-E18 -> 0 | J18: =I18/D18 -> #DIV/0! | K18: =E18-F18 -> 0 | L18: =K18/E18 -> #DIV/0!

Sheet Tesouraria Liquida
C2: 2011 | D2: 2010 | E2: 2009 | F2: 2008 | G2: Variação em valor absoluto 2011 - 2010 | H2: % | I2: Variação em valor absoluto 2010 - 2009 | J2: % | K2: Variação em valor absoluto 2009 - 2008 | L2: %
A4: 1 | B4: Capitais Permanentes | C4: ='Balanço Funcional'!C6 -> 0 | D4: ='Balanço Funcional'!D6 -> 0 | E4: ='Balanço Funcional'!E6 -> 0 | F4: ='Balanço Funcional'!F6 -> 0 | G4: =C4-D4 -> 0 | H4: =G4/C4 -> #DIV/0! | I4: =D4-E4 -> 0 | J4: =I4/D4 -> #DIV/0! | K4: =E4-F4 -> 0 | L4: =K4/E4 -> #DIV/0!
A5: 2 | B5: Activo Fixo | C5: ='Balanço Funcional'!C8 -> 0 | D5: ='Balanço Funcional'!D8 -> 0 | E5: ='Balanço Funcional'!E8 -> 0 | F5: ='Balanço Funcional'!F8 -> 0 | G5: =C5-D5 -> 0 | H5: =G5/C5 -> #DIV/0! | I5: =D5-E5 -> 0 | J5: =I5/D5 -> #DIV/0! | K5: =E5-F5 -> 0 | L5: =K5/E5 -> #DIV/0!
A6: 3=1-2 | B6: Fundo de Maneio | C6: =C4-C5 -> 0 | D6: =D4-D5 -> 0 | E6: =E4-E5 -> 0 | F6: =F4-F5 -> 0 | G6: =C6-D6 -> 0 | H6: =G6/C6 -> #DIV/0! | I6: =D6-E6 -> 0 | J6: =I6/D6 -> #DIV/0! | K6: =E6-F6 -> 0 | L6: =K6/E6 -> #DIV/0!
A8: 4 | B8: Activo Ciclico | C8: ='Balanço Funcional'!C18 -> 0 | D8: ='Balanço Funcional'!D18 -> 0 | E8: ='Balanço Funcional'!E18 -> 0 | F8: ='Balanço Funcional'!F18 -> 0 | G8: =C8-D8 -> 0 | H8: =G8/C8 -> #DIV/0! | I8: =D8-E8 -> 0 | J8: =I8/D8 -> #DIV/0! | K8: =E8-F8 -> 0 | L8: =K8/E8 -> #DIV/0!
A9: 5 | B9: Passivo Ciclico | C9: ='Balanço Funcional'!C26 -> 0 | D9: ='Balanço Funcional'!D26 -> 0 | E9: ='Balanço Funcional'!E26 -> 0 | F9: ='Balanço Funcional'!F26 -> 0 | G9: =C9-D9 -> 0 | H9: =G9/C9 -> #DIV/0! | I9: =D9-E9 -> 0 | J9: =I9/D9 -> #DIV/0! | K9: =E9-F9 -> 0 | L9: =K9/E9 -> #DIV/0!
A10: 6=4-5 | B10: Necessidades de Fundo de Maneio | C10: =C8-C9 -> 0 | D10: =D8-D9 -> 0 | E10: =E8-E9 -> 0 | F10: =F8-F9 -> 0 | G10: =C10-D10 -> 0 | H10: =G10/C10 -> #DIV/0! | I10: =D10-E10 -> 0 | J10: =I10/D10 -> #DIV/0! | K10: =E10-F10 -> 0 | L10: =K10/E10 -> #DIV/0!
A12: 7 | B12: Tesouraria Activa | C12: ='Balanço Funcional'!C39 -> 0 | D12: ='Balanço Funcional'!D39 -> 1629 | E12: ='Balanço Funcional'!E39 -> 27646138 | F12: ='Balanço Funcional'!F39 -> 16589316 | G12: =C12-D12 -> -1629 | H12: =G12/C12 -> #DIV/0! | I12: =D12-E12 -> -27644509 | J12: =I12/D12 -> -16970.233 | K12: =E12-F12 -> 11056822 | L12: =K12/E12 -> 0.39994092
A13: 8 | B13: Tesouraria Passiva | C13: ='Balanço Funcional'!C51 -> 0 | D13: ='Balanço Funcional'!D51 -> 0 | E13: ='Balanço Funcional'!E51 -> 0 | F13: ='Balanço Funcional'!F51 -> 0 | G13: =C13-D13 -> 0 | H13: =G13/C13 -> #DIV/0! | I13: =D13-E13 -> 0 | J13: =I13/D13 -> #DIV/0! | K13: =E13-F13 -> 0 | L13: =K13/E13 -> #DIV/0!
A14: 9 = (3-6)/(7-8) | B14: Tesouraria Liquida | C14: =C6-C10 -> 0 | D14: =D6-D10 -> 0 | E14: =E6-E10 -> 0 | F14: =F6-F10 -> 0 | G14: =C14-D14 -> 0 | H14: =G14/C14 -> #DIV/0!
C17: 2011 | D17: 2010 | E17: 2009 | F17: 2008
A18: 1 | B18: Activo Fixo | C18: ='Balanço Funcional'!C8 -> 0 | D18: ='Balanço Funcional'!D8 -> 0 | E18: ='Balanço Funcional'!E8 -> 0 | F18: ='Balanço Funcional'!F8 -> 0
A19: 2 | B19: Capitais Permanentes | C19: ='Balanço Funcional'!C6 -> 0 | D19: ='Balanço Funcional'!D6 -> 0 | E19: ='Balanço Funcional'!E6 -> 0 | F19: ='Balanço Funcional'!F6 -> 0
A20: 3=2-1 | B20: Fundo de Maneio | C20: =C19-C18 -> 0 | D20: =D19-D18 -> 0 | E20: =E19-E18 -> 0 | F20: =F19-F18 -> 0
A22: 4 | B22: Necessidades cíclicas | C22: ='Balanço Funcional'!C18 -> 0 | D22: ='Balanço Funcional'!D18 -> 0 | E22: ='Balanço Funcional'!E18 -> 0 | F22: ='Balanço Funcional'!F18 -> 0
A23: 5 | B23: Recursos cíclicos | C23: ='Balanço Funcional'!C26 -> 0 | D23: ='Balanço Funcional'!D26 -> 0 | E23: ='Balanço Funcional'!E26 -> 0 | F23: ='Balanço Funcional'!F26 -> 0
A24: 6=4-5 | B24: Necessidades de Fundo de Maneio | C24: =C22-C23 -> 0 | D24: =D22-D23 -> 0 | E24: =E22-E23 -> 0 | F24: =F22-F23 -> 0
A26: 7 | B26: Tesouraria activa | C26: ='Balanço Funcional'!C39 -> 0 | D26: ='Balanço Funcional'!D39 -> 1629 | E26: ='Balanço Funcional'!E39 -> 27646138 | F26: ='Balanço Funcional'!F39 -> 16589316
A27: 8 | B27: Tesouraria passiva | C27: ='Balanço Funcional'!C51 -> 0 | D27: ='Balanço Funcional'!D51 -> 0 | E27: ='Balanço Funcional'!E51 -> 0 | F27: ='Balanço Funcional'!F51 -> 0
A28: 9 = (3-6)/(7-8) | B28: Tesouraria Liquida | C28: =C26-C27 -> 0 | D28: =D26-D27 -> 1629 | E28: =E26-E27 -> 27646138 | F28: =F26-F27 -> 16589316

Sheet Fluxos de Caixa
A1: Demonstração de Fluxos de Caixa
B2: 2011 | C2: 2010 | D2: 2009 | E2: 2008
A3: ATIVIDADES OPERACIONAIS
A4: Recebimentos de clientes | B4: 6872212265 | C4: 4217884234 | D4: 7783167222 | E4: 7779372079
A5: Pagamentos a fornecedores | B5: -3071030520 | C5: -2142344825 | D5: -4298265954 | E5: -4304337083 | H5: 2011 | I5: 2010 | J5: 2009 | K5: 2008
A6: Pagamentos ao pessoal | B6: -1052530685 | C6: -657641753 | D6: -736268577 | E6: -654930966 | G6: Fluxo das Actividades Operacionais
A7: Pagamentos relacionados com o imposto sobre o rendimento | B7: -164560300 | C7: -63765524 | D7: -161179339 | E7: -245970058 | G7: Recebimentos de Clientes | H7: =B4 -> 6872212265 | I7: =C4 -> 4217884234 | J7: =D4 -> 7783167222 | K7: =E4 -> 7779372079
A8: Pagamentos relacionados com benefícios de reforma, líquidos | B8: -198223997 | C8: -235179099 | D8: -251165791 | E8: -196801097 | G8: Outros Recebimentos Operacionais | H8: 0 | I8: 0 | J8: 0 | K8: 0
A9: Pagamentos relativos a impostos indiretos, taxas e outros | B9: -610714238 | C9: -215112767 | D9: -408674451 | E9: -548446669 | G9: Pagamentos a Fornecedores | H9: =B5 -> -3071030520 | I9: =C5 -> -2142344825 | J9: =D5 -> -4298265954 | K9: =E5 -> -4304337083
A10: Fluxos das atividades operacionais de operações continuadas | B10: =SUM(B4:B9) -> 1775152525 | C10: =SUM(C4:C9) -> 903840266 | D10: =SUM(D4:D9) -> 1927613110 | E10: =SUM(E4:E9) -> 1828886206 | G10: Pagamentos ao pessoal | H10: =B6 -> -1052530685 | I10: =C6 -> -657641753 | J10: =D6 -> -736268577 | K10: =E6 -> -654930966
A11: Fluxos das atividades operacionais de operações descontinuadas | B11: 0 | C11: 603033383 | E11: 0 | G11: Outros pagamentos Operacionais | H11: =B9 -> -610714238 | I11: =C9 -> -215112767 | J11: =D9 -> -408674451 | K11: =E9 -> -548446669
A12: Fluxos das atividades operacionais (1) | B12: =B10+B11 -> 1775152525 | C12: =C10+C11 -> 1506873649 | D12: =D10+D11 -> 1927613110 | E12: =E10+E11 -> 1828886206 | G12: Investimentos de substituição | H12: =DR!B18 -> 0 | I12: =DR!C18 -> 0 | J12: =DR!D18 -> 0 | K12: =DR!E18 -> 0
G13: Fluxo de Caixa operacinal (1) | H13: =SUM(H7:H11)-H12 -> 2137936822 | I13: =SUM(I7:I11)-I12 -> 1202784889 | J13: =SUM(J7:J11)-J12 -> 2339958240 | K13: =SUM(K7:K11)-K12 -> 2271657361
A14: ATIVIDADES DE INVESTIMENTO
A15: Recebimentos provenientes de: | G15: Actividades Compulsivas
A16: Aplicações financeiras de curto prazo | G16: Juros e Gastos Financeiros | H16: =B20+B43 -> 0 | I16: =C20+C43 -> 0 | J16: =D20+D43 -> 0 | K16: =E20+E43 -> 0
A17: Investimentos financeiros | G17: Recebimenetos/Pagamentos extraordinarios | H17: =0 -> 0 | I17: 0
A18: Ativos tangíveis e intangíveis | G18: Impostos sobres os rendimentos | H18: =B7 -> -164560300 | I18: =C7 -> -63765524 | J18: =D7 -> -161179339 | K18: =E7 -> -245970058
A19: Juros e proveitos similares | G19: Fluxos de Caixa Compulsivos e extraordinarios (2) | H19: =SUM(H16:H18) -> -164560300 | I19: =SUM(I16:I18) -> -63765524 | J19: =SUM(J16:J18) -> -161179339 | K19: =SUM(K16:K18) -> -245970058
A20: Dividendos
A21: Outras atividades de investimento | G21: Meios disponiveis para decisoes estrategicas (3=1+2) | H21: =H13+H19 -> 1973376522 | I21: =I13+I19 -> 1139019365 | J21: =J13+J19 -> 2178778901 | K21: =K13+K19 -> 2025687303
B22: =SUM(B16:B21) -> 0 | C22: =SUM(C16:C21) -> 0 | D22: =SUM(D16:D21) -> 0 | E22: =SUM(E16:E21) -> 0
A23: Pagamentos respeitantes a: | G23: Investimentos de expansão (4) | H23: =B25 -> 0 | I23: =C25 -> 0 | J23: =D25 -> 0 | K23: =E25 -> 0
A24: Aplicações financeiras de curto prazo | G24: Meios libertos pelo negocio (5=3-4) | H24: =H21-H23 -> 1973376522 | I24: =I21-I23 -> 1139019365 | J24: =J21-J23 -> 2178778901 | K24: =K21-K23 -> 2025687303
A25: Investimentos financeiros
A26: Ativos tangíveis e intangíveis | G26: Investimentos de diversificação (6) | H26: 0 | I26: 0 | J26: 0 | K26: 0
A27: Outras atividades de investimento | G27: Meios disponiveis para accionistas e credores (7=5-6) | H27: =H24-H26 -> 1973376522 | I27: =I24-I26 -> 1139019365 | J27: =J24-J26 -> 2178778901 | K27: =K24-K26 -> 2025687303
B28: =SUM(B24:B27) -> 0 | C28: =SUM(C24:C27) -> 0 | D28: =SUM(D24:D27) -> 0 | E28: =SUM(E24:E27) -> 0
G29: Fluxos de finaciamento estável | H29: =B20+B45+B44 -> 0 | I29: =C20+C45+C44 -> 0 | J29: =D20+D45+D44 -> 0 | K29: =E20+E45+E44 -> 0
A30: Fluxos das atividades de investimento de operações continuadas | B30: =B22+B28 -> 0 | C30: =C22+C28 -> 0 | D30: =D22+D28 -> 0 | E30: =E22+E28 -> 0 | G30: Meios libertos Liquidos (9=7-8) | H30: =H27-H29 -> 1973376522 | I30: =I27-I29 -> 1139019365 | J30: =J27-J29 -> 2178778901 | K30: =K27-K29 -> 2025687303
A31: Fluxos das atividades de investimento de operações descontinuadas | E31: 0
A32: Fluxos das atividades de investimento (2) | B32: =B30+B31 -> 0 | C32: =C30+C31 -> 0 | D32: =D30+D31 -> 0 | E32: =E30+E31 -> 0 | G32: Fluxos de finaciamento de curto prazo | H32: =B16+B17 -> 0 | I32: =C16+C17 -> 0 | J32: =D16+D17 -> 0 | K32: =E16+E17 -> 0
G33: Variação dos depositos bancarios e caixa (11=9-10) | H33: =H30-H32 -> 1973376522 | I33: =I30-I32 -> 1139019365 | J33: =J30-J32 -> 2178778901 | K33: =K30-K32 -> 2025687303
A34: ATIVIDADES DE FINANCIAMENTO
A35: Recebimentos provenientes de:
A36: Empréstimos obtidos
A37: Subsídios
A38: Outras atividades de financiamento
B39: =SUM(B36:B38) -> 0 | C39: =SUM(C36:C38) -> 0 | D39: =SUM(D36:D38) -> 0 | E39: =SUM(E36:E38) -> 0
A40: Pagamentos respeitantes a:
A41: Empréstimos obtidos
A42: Amortizações de contratos de Locação Financeira
A43: Juros e custos similares
A44: Dividendos
A45: Aquisição de ações próprias
A46: Outras atividades de financiamento
B47: =SUM(B41:B46) -> 0 | C47: =SUM(C41:C46) -> 0 | D47: =SUM(D41:D46) -> 0 | E47: =SUM(E41:E46) -> 0
A49: Fluxos das atividades de financiamento de operações continuadas | B49: =B39+B47 -> 0 | C49: =C39+C47 -> 0 | D49: =D39+D47 -> 0 | E49: =E39+E47 -> 0
A50: Fluxos das atividades de financiamento de operações descontinuadas | B50: 0 | E50: 0
A51: Fluxos das atividades de financiamento (3) | B51: =B49+B50 -> 0 | C51: =C49+C50 -> 0 | D51: =D49+D50 -> 0 | E51: =E49+E50 -> 0
A52: Caixa e seus equivalentes no início do período
A53: Variação de caixa e seus equivalentes (4)=(1)+(2)+(3) | B53: =B12+B32+B51 -> 1775152525 | C53: =C12+C32+C51 -> 1506873649 | D53: =D12+D32+D51 -> 1927613110 | E53: =E12+E32+E51 -> 1828886206
A54: Efeito das diferenças de câmbio
A55: Caixa e seus equivalentes de operações descontinuadas na data da venda
A56: Caixa e seus equivalentes no fim do período | B56: =B52+B53+B54+B55 -> 1775152525 | C56: =C52+C53+C54+C55 -> 1506873649 | D56: =D52+D53+D54+D55 -> 1927613110 | E56: =E52+E53+E54+E55 -> 1828886206

Sheet Analise d Equilibrio Financeiro
A3: Equilibrio Financeiro | B3: 2011 | C3: 2010 | D3: 2009 | E3: 2008 | F3: Variação em valor absoluto 2011 - 2010 | G3: % | H3: Variação em valor absoluto 2010 - 2009 | I3: % | J3: Variação em valor absoluto 2009 - 2008 | K3: % | O3: Racios de liquidez | P3: 2011 | Q3: 2010 | R3: 2009 | S3: 2008
A4: Fundo de Maneio | B4: ='Balanço Funcional'!C9 -> 0 | C4: ='Balanço Funcional'!D9 -> 0 | D4: ='Balanço Funcional'!E9 -> 0 | E4: ='Balanço Funcional'!F9 -> 0 | F4: =B4-C4 -> 0 | G4: =F4/B4 -> #DIV/0! | H4: =C4-D4 -> 0 | I4: =H4/C4 -> #DIV/0! | J4: =D4-E4 -> 0 | K4: =J4/D4 -> #DIV/0! | O4: 1 Caixa e equivalentes de caixa | P4: ='Posição Financeira'!B6 -> 0 | Q4: ='Posição Financeira'!C6 -> 0 | R4: ='Posição Financeira'!D6 -> 0 | S4: ='Posição Financeira'!E6 -> 0
A5: Necessidades em Fundo de Maneio | B5: ='Balanço Funcional'!C28 -> 0 | C5: ='Balanço Funcional'!D28 -> 0 | D5: ='Balanço Funcional'!E28 -> 0 | E5: ='Balanço Funcional'!F28 -> 0 | F5: =B5-C5 -> 0 | G5: =F5/B5 -> #DIV/0! | H5: =C5-D5 -> 0 | I5: =H5/C5 -> #DIV/0! | J5: =D5-E5 -> 0 | K5: =J5/D5 -> #DIV/0! | O5: 2 Investimentos de curto prazo | P5: ='Posição Financeira'!B7 -> 0 | Q5: ='Posição Financeira'!C7 -> 0 | R5: ='Posição Financeira'!D7 -> 0 | S5: ='Posição Financeira'!E7 -> 0
A6: Tesouraria Liquida | B6: ='Balanço Funcional'!C52 -> 0 | C6: ='Balanço Funcional'!D52 -> 1629 | D6: ='Balanço Funcional'!E52 -> 27646138 | E6: ='Balanço Funcional'!F52 -> 16589316 | F6: =F4-F5 -> 0 | G6: =F6/B6 -> #DIV/0! | H6: =C6-D6 -> -27644509 | I6: =H6/C6 -> -16970.233 | J6: =D6-E6 -> 11056822 | K6: =J6/D6 -> 0.39994092 | O6: 3 Contas a receber - clientes | P6: ='Posição Financeira'!B8 -> 0 | Q6: ='Posição Financeira'!C8 -> 0 | R6: ='Posição Financeira'!D8 -> 0 | S6: ='Posição Financeira'!E8 -> 0
O7: 4 Contas a receber - outros | P7: ='Posição Financeira'!B9 -> 0 | Q7: ='Posição Financeira'!C9 -> 0 | R7: ='Posição Financeira'!D9 -> 0 | S7: ='Posição Financeira'!E9 -> 0
O8: 5 Existências | P8: ='Posição Financeira'!B10 -> 0 | Q8: ='Posição Financeira'!C10 -> 0 | R8: ='Posição Financeira'!D10 -> 0 | S8: ='Posição Financeira'!E10 -> 0
A9: Racios De Funcionamento | B9: 2011 | C9: 2010 | D9: 2009 | E9: 2008 | O9: 6 Impostos a recuperar | P9: ='Posição Financeira'!B11 -> 0 | Q9: ='Posição Financeira'!C11 -> 0 | R9: ='Posição Financeira'!D11 -> 0 | S9: ='Posição Financeira'!E11 -> 0
A10: Rotação do Activo | B10: =(DR!B6+DR!B7)/('Balanço Funcional'!C8+'Balanço Funcional'!C18+'Balanço Funcional'!C39) -> #DIV/0! | C10: =(DR!C6+DR!C7)/('Balanço Funcional'!D8+'Balanço Funcional'!D18+'Balanço Funcional'!D39) -> 0 | D10: =(DR!D6+DR!D7)/('Balanço Funcional'!E8+'Balanço Funcional'!E18+'Balanço Funcional'!E39) -> 0 | E10: =(DR!E6+DR!E7)/('Balanço Funcional'!F8+'Balanço Funcional'!F18+'Balanço Funcional'!F39) -> 0 | O10: 7 Custos diferidos | P10: ='Posição Financeira'!B12 -> 0 | Q10: ='Posição Financeira'!C12 -> 0 | R10: ='Posição Financeira'!D12 -> 0 | S10: ='Posição Financeira'!E12 -> 0
A11: Rotação do Activo Fixo | B11: =(DR!B6+DR!B7)/'Balanço Funcional'!C8 -> #DIV/0! | C11: =(DR!C6+DR!C7)/'Balanço Funcional'!D8 -> #DIV/0! | D11: =(DR!D6+DR!D7)/'Balanço Funcional'!E8 -> #DIV/0! | E11: =(DR!E6+DR!E7)/'Balanço Funcional'!F8 -> #DIV/0! | O11: 8 Depósitos judiciais | P11: ='Posição Financeira'!B13 -> 0 | Q11: ='Posição Financeira'!C13 -> 0 | R11: ='Posição Financeira'!D13 -> 0 | S11: ='Posição Financeira'!E13 -> 0
A12: Rotação do Capital Investido | B12: =(DR!B6+DR!B7)/('Balanço Funcional'!C8+'Balanço Funcional'!C28+'Balanço Funcional'!C39-'Balanço Funcional'!C31) -> #DIV/0! | C12: =(DR!C6+DR!C7)/('Balanço Funcional'!D8+'Balanço Funcional'!D28+'Balanço Funcional'!D39-'Balanço Funcional'!D31) -> 0 | D12: =(DR!D6+DR!D7)/('Balanço Funcional'!E8+'Balanço Funcional'!E28+'Balanço Funcional'!E39-'Balanço Funcional'!E31) -> 0 | E12: =(DR!E6+DR!E7)/('Balanço Funcional'!F8+'Balanço Funcional'!F28+'Balanço Funcional'!F39-'Balanço Funcional'!F31) -> 0 | O12: 9 Outros ativos correntes | P12: ='Posição Financeira'!B14 -> 0 | Q12: ='Posição Financeira'!C14 -> 0 | R12: ='Posição Financeira'!D14 -> 0 | S12: ='Posição Financeira'!E14 -> 0
A13: Ciclo financeiro de Exploração | B13: =(B5/(DR!B6+DR!B7))*365 -> #DIV/0! | C13: =(C5/(DR!C6+DR!C7))*365 -> #DIV/0! | D13: =(D5/(DR!D6+DR!D7))*365 -> #DIV/0! | E13: =(E5/(DR!E6+DR!E7))*365 -> #DIV/0! | O13: 10 Ativos não correntes detidos para venda | P13: ='Posição Financeira'!B15 -> 0 | Q13: ='Posição Financeira'!C15 -> 0 | R13: ='Posição Financeira'!D15 -> 0 | S13: ='Posição Financeira'!E15 -> 0
A14: Rotação da Existencias | B14: =DR!B13/'Posição Financeira'!B10 -> #DIV/0! | C14: =DR!C13/'Posição Financeira'!C10 -> #DIV/0! | D14: =DR!D13/'Posição Financeira'!D10 -> #DIV/0! | E14: =DR!E13/'Posição Financeira'!E10 -> #DIV/0! | O14: 11 Total do Ativo Circulante (1+2+3+4+5+6+7+8+9+10) | P14: =SUM(P4:P13) -> 0 | Q14: =SUM(Q4:Q13) -> 0 | R14: =SUM(R4:R13) -> 0 | S14: =SUM(S4:S13) -> 0
A15: Permanência Média das Mercadorias em Armazém | B15: =('Posição Financeira'!B10/DR!B13)*365 -> #DIV/0! | C15: =('Posição Financeira'!C10/DR!C13)*365 -> #DIV/0! | D15: =('Posição Financeira'!D10/DR!D13)*365 -> #DIV/0! | E15: =('Posição Financeira'!E10/DR!E13)*365 -> #DIV/0!
A16: Saldo Médio de Clientes | B16: =((DR!B6+DR!B7)*(1+0.23)/365)*B25 -> #DIV/0! | C16: =((DR!C6+DR!C7)*(1+0.205)/365)*C25 -> #DIV/0! | D16: =((DR!D6+DR!D7)*(1+0.2)/365)*D25 -> #DIV/0! | E16: =((DR!E6+DR!E7)*(1+0.205)/365)*E25 -> #DIV/0! | O16: 12 Exigivel de CP
A17: Rotação de Clientes | B17: =(1/B25)*365 -> #DIV/0! | C17: =(1/C25)*365 -> #DIV/0! | D17: =(1/D25)*365 -> #DIV/0! | E17: =(1/E25)*365 -> #DIV/0! | O17: 12.1 Exigivel de CP - financiamento | P17: ='Posição Financeira'!B35 -> 0 | Q17: ='Posição Financeira'!C35 -> 0 | R17: ='Posição Financeira'!D35 -> 0 | S17: ='Posição Financeira'!E35 -> 0
A18: Saldo Médio de Fornecedores | B18: =(((DR!B13+DR!B15)*1.23)/365)*B26 -> #DIV/0! | C18: =(((DR!C13+DR!C15)*1.205)/365)*C26 -> #DIV/0! | D18: =(((DR!D13+DR!D15)*1.2)/365)*D26 -> #DIV/0! | E18: =(((DR!E13+DR!E15)*1.205)/365)*E26 -> #DIV/0! | O18: 12.1 Exigivel de CP - funanciamento | P18: ='Posição Financeira'!B42-'Posição Financeira'!B35 -> 0 | Q18: ='Posição Financeira'!C42-'Posição Financeira'!C35 -> 0 | R18: ='Posição Financeira'!D42-'Posição Financeira'!D35 -> 0 | S18: ='Posição Financeira'!E42-'Posição Financeira'!E35 -> 0
A19: Rotação de Fornecedores | B19: =365/B26 -> #DIV/0! | C19: =365/C26 -> #DIV/0! | D19: =365/D26 -> #DIV/0! | E19: =365/E26 -> #DIV/0! | O19: 13 Exigivel de Medio e longo prazo
A20: SM Mercadorias | B20: =(DR!B13/365)*B27 -> #DIV/0! | C20: =(DR!C13/365)*C27 -> #DIV/0! | D20: =(DR!D13/365)*D27 -> #DIV/0! | E20: =(DR!E13/365)*E27 -> #DIV/0! | O20: 13.1 Exigivel de M/LP - financiamento | P20: ='Posição Financeira'!B45 -> 0 | Q20: ='Posição Financeira'!C45 -> 0 | R20: ='Posição Financeira'!D45 -> 0 | S20: ='Posição Financeira'!E45 -> 0
A21: Rotação de Mercadorias | B21: =365/B27 -> #DIV/0! | C21: =365/C27 -> #DIV/0! | D21: =365/D27 -> #DIV/0! | E21: =365/E27 -> #DIV/0! | O21: 13.1 Exigivel de M/LP - funanciamento | P21: ='Posição Financeira'!B52-'Posição Financeira'!B50-'Posição Financeira'!B45 -> 0 | Q21: ='Posição Financeira'!C52-'Posição Financeira'!C50-'Posição Financeira'!C45 -> 0 | R21: ='Posição Financeira'!D52-'Posição Financeira'!D50-'Posição Financeira'!D45 -> 0 | S21: ='Posição Financeira'!E52-'Posição Financeira'!E50-'Posição Financeira'!E45 -> 0
O22: 15 Total do Capital Alheio (12+13) | P22: =P17+P18+P20+P21 -> 0 | Q22: =Q17+Q18+Q20+Q21 -> 0 | R22: =R17+R18+R20+R21 -> 0 | S22: =S17+S18+S20+S21 -> 0
B24: 2011 | C24: 2010 | D24: 2009 | E24: 2008 | O24: 16 Liquidez Geral (11/15) | P24: =P14/P22 -> #DIV/0! | Q24: =Q14/Q22 -> #DIV/0! | R24: =R14/R22 -> #DIV/0! | S24: =S14/S22 -> #DIV/0!
A25: Prazo Médio Recebimento (dias) | B25: =('Posição Financeira'!C8/(DR!B6+DR!B7)*(1+0.23))*365 -> #DIV/0! | C25: =('Posição Financeira'!D8/(DR!C6+DR!C7)*(1+0.205))*365 -> #DIV/0! | D25: =('Posição Financeira'!E8/(DR!D6+DR!D7)*(1+0.2))*365 -> #DIV/0! | E25: =('Posição Financeira'!F8/(DR!E6+DR!E7)*(1+0.205))*365 -> #DIV/0! | O25: 17 Liquidez Reduzida (11-5)/15 | P25: =(P14-P7)/P22 -> #DIV/0! | Q25: =(Q14-Q7)/Q22 -> #DIV/0! | R25: =(R14-R7)/R22 -> #DIV/0! | S25: =(S14-S7)/S22 -> #DIV/0!
A26: Prazo Médio Pagamento (dias) | B26: =('Balanço Funcional'!C21/((DR!B13+DR!B15)*1.23))*365 -> #DIV/0! | C26: =('Balanço Funcional'!D21/((DR!C13+DR!C15)*1.205))*365 -> #DIV/0! | D26: =('Balanço Funcional'!E21/((DR!D13+DR!D15)*1.2))*365 -> #DIV/0! | E26: =('Balanço Funcional'!F21/((DR!E13+DR!E15)*1.205))*365 -> #DIV/0! | O26: 18 Liquidez imediata ( 1/15) | P26: =P4/P22 -> #DIV/0! | Q26: =Q4/Q22 -> #DIV/0! | R26: =R4/R22 -> #DIV/0! | S26: =S4/S22 -> #DIV/0!
A27: Prazo Médio Stokagem (dias) | B27: =('Posição Financeira'!C10/DR!B13)*365 -> #DIV/0! | C27: =('Posição Financeira'!D10/DR!C13)*365 -> #DIV/0! | D27: =('Posição Financeira'!E10/DR!D13)*365 -> #DIV/0! | E27: =('Posição Financeira'!F10/DR!E13)*365 -> #DIV/0! | O27: 19 Estrutura do endividamento (13/15) | P27: =P20/P22 -> #DIV/0! | Q27: =Q20/Q22 -> #DIV/0! | R27: =R20/R22 -> #DIV/0! | S27: =S20/S22 -> #DIV/0!
A31: Indicadores de solidez e Equilibrio Finaceiro | B31: 2011 | C31: 2010 | D31: 2009 | E31: 2008
A32: Estrutura Finaceira
A33: Endividamento = Capital Alheio / (Capitais Proprios + Capital Alheio) | B33: =('Balanço Funcional'!C5+'Balanço Funcional'!C26+'Balanço Funcional'!C51)/('Balanço Funcional'!C51+'Balanço Funcional'!C26+'Balanço Funcional'!C6) -> #DIV/0! | C33: =('Balanço Funcional'!D5+'Balanço Funcional'!D26+'Balanço Funcional'!D51)/('Balanço Funcional'!D51+'Balanço Funcional'!D26+'Balanço Funcional'!D6) -> #DIV/0! | D33: =('Balanço Funcional'!E5+'Balanço Funcional'!E26+'Balanço Funcional'!E51)/('Balanço Funcional'!E51+'Balanço Funcional'!E26+'Balanço Funcional'!E6) -> #DIV/0! | E33: =('Balanço Funcional'!F5+'Balanço Funcional'!F26+'Balanço Funcional'!F51)/('Balanço Funcional'!F51+'Balanço Funcional'!F26+'Balanço Funcional'!F6) -> #DIV/0!
A34: Estrutura do Endividamento = Cap.Alheio CP / Capital Alheio | B34: =('Balanço Funcional'!C26+'Balanço Funcional'!C51)/('Balanço Funcional'!C51+'Balanço Funcional'!C26+'Balanço Funcional'!C5) -> #DIV/0! | C34: =('Balanço Funcional'!D26+'Balanço Funcional'!D51)/('Balanço Funcional'!D51+'Balanço Funcional'!D26+'Balanço Funcional'!D5) -> #DIV/0! | D34: =('Balanço Funcional'!E26+'Balanço Funcional'!E51)/('Balanço Funcional'!E51+'Balanço Funcional'!E26+'Balanço Funcional'!E5) -> #DIV/0! | E34: =('Balanço Funcional'!F26+'Balanço Funcional'!F51)/('Balanço Funcional'!F51+'Balanço Funcional'!F26+'Balanço Funcional'!F5) -> #DIV/0!
B35: 2011 | C35: 2010 | D35: 2009 | E35: 2008
A36: Liquidez
A37: Liquidez Geral = Activo Circulante / Passivo Circulante | B37: =('Balanço Funcional'!C39+'Balanço Funcional'!C18)/('Balanço Funcional'!C26+'Balanço Funcional'!C51) -> #DIV/0! | C37: =('Balanço Funcional'!D39+'Balanço Funcional'!D18)/('Balanço Funcional'!D26+'Balanço Funcional'!D51) -> #DIV/0! | D37: =('Balanço Funcional'!E39+'Balanço Funcional'!E18)/('Balanço Funcional'!E26+'Balanço Funcional'!E51) -> #DIV/0! | E37: =('Balanço Funcional'!F39+'Balanço Funcional'!F18)/('Balanço Funcional'!F26+'Balanço Funcional'!F51) -> #DIV/0!
A38: Liquidez Reduzida = (Activo Circulante - Existências) / Passivo Circulante | B38: =('Balanço Funcional'!C39+'Balanço Funcional'!C18-'Balanço Funcional'!C13)/('Balanço Funcional'!C26+'Balanço Funcional'!C51) -> #DIV/0! | C38: =('Balanço Funcional'!D39+'Balanço Funcional'!D18-'Balanço Funcional'!D13)/('Balanço Funcional'!D26+'Balanço Funcional'!D51) -> #DIV/0! | D38: =('Balanço Funcional'!E39+'Balanço Funcional'!E18-'Balanço Funcional'!E13)/('Balanço Funcional'!E26+'Balanço Funcional'!E51) -> #DIV/0! | E38: =('Balanço Funcional'!F39+'Balanço Funcional'!F18-'Balanço Funcional'!F13)/('Balanço Funcional'!F26+'Balanço Funcional'!F51) -> #DIV/0!
A39: Liquidez Imediata = (Caixa + Dep.Bancários + Activos Financeiros Com Liquidez) / Passivo Circulante | B39: =('Balanço Funcional'!C31+'Balanço Funcional'!C32+'Balanço Funcional'!C34+'Balanço Funcional'!C36+'Balanço Funcional'!C38)/('Balanço Funcional'!C51+'Balanço Funcional'!C26) -> #DIV/0! | C39: =('Balanço Funcional'!D31+'Balanço Funcional'!D32+'Balanço Funcional'!D34+'Balanço Funcional'!D36+'Balanço Funcional'!D38)/('Balanço Funcional'!D51+'Balanço Funcional'!D26) -> #DIV/0! | D39: =('Balanço Funcional'!E31+'Balanço Funcional'!E32+'Balanço Funcional'!E34+'Balanço Funcional'!E36+'Balanço Funcional'!E38)/('Balanço Funcional'!E51+'Balanço Funcional'!E26) -> #DIV/0! | E39: =('Balanço Funcional'!F31+'Balanço Funcional'!F32+'Balanço Funcional'!F34+'Balanço Funcional'!F36+'Balanço Funcional'!F38)/('Balanço Funcional'!F51+'Balanço Funcional'!F26) -> #DIV/0!
A41: Longo/Médio Prazo
B42: 2011 | C42: 2010 | D42: 2009 | E42: 2008
A43: Autonomia Finaceira | B43: ='Balanço Funcional'!C64 -> #DIV/0! | C43: ='Balanço Funcional'!D64 -> #DIV/0! | D43: ='Balanço Funcional'!E64 -> #DIV/0! | E43: ='Balanço Funcional'!F64 -> n/a
A44: Solvabilidade | B44: ='Balanço Funcional'!C62 -> #DIV/0! | C44: ='Balanço Funcional'!D62 -> #DIV/0! | D44: ='Balanço Funcional'!E62 -> #DIV/0! | E44: ='Balanço Funcional'!F62 -> n/a
A45: Grau de Cobertura dos Capitais Permanentes | B45: ='Balanço Funcional'!C6/'Balanço Funcional'!C8 -> #DIV/0! | C45: ='Balanço Funcional'!D6/'Balanço Funcional'!D8 -> #DIV/0! | D45: ='Balanço Funcional'!E6/'Balanço Funcional'!E8 -> #DIV/0! | E45: ='Balanço Funcional'!F6/'Balanço Funcional'!F8 -> #DIV/0!
A46: Grau de Cobertura dos Capitais Próprios | B46: ='Balanço Funcional'!C4/'Balanço Funcional'!C8 -> #DIV/0! | C46: ='Balanço Funcional'!D4/'Balanço Funcional'!D8 -> #DIV/0! | D46: ='Balanço Funcional'!E4/'Balanço Funcional'!E8 -> #DIV/0! | E46: ='Balanço Funcional'!F4/'Balanço Funcional'!F8 -> #DIV/0!
A47: Grau de Endividamento ou Debt Equity Ratio | B47: ='Balanço Funcional'!C63 -> #DIV/0! | C47: ='Balanço Funcional'!D63 -> #DIV/0! | D47: ='Balanço Funcional'!E63 -> #DIV/0! | E47: ='Balanço Funcional'!F63 -> n/a
A48: Racio de Endividamento | B48: =('Balanço Funcional'!C5+'Balanço Funcional'!C26+'Balanço Funcional'!C51)/('Balanço Funcional'!C39+'Balanço Funcional'!C18+'Balanço Funcional'!C8) -> #DIV/0! | C48: =('Balanço Funcional'!D5+'Balanço Funcional'!D26+'Balanço Funcional'!D51)/('Balanço Funcional'!D39+'Balanço Funcional'!D18+'Balanço Funcional'!D8) -> 0 | D48: =('Balanço Funcional'!E5+'Balanço Funcional'!E26+'Balanço Funcional'!E51)/('Balanço Funcional'!E39+'Balanço Funcional'!E18+'Balanço Funcional'!E8) -> 0 | E48: =('Balanço Funcional'!F5+'Balanço Funcional'!F26+'Balanço Funcional'!F51)/('Balanço Funcional'!F39+'Balanço Funcional'!F18+'Balanço Funcional'!F8) -> 0
A49: Peso do Endividamento M/LP | B49: ='Balanço Funcional'!C5/('Balanço Funcional'!C6+'Balanço Funcional'!C26+'Balanço Funcional'!C51) -> #DIV/0! | C49: ='Balanço Funcional'!D5/('Balanço Funcional'!D6+'Balanço Funcional'!D26+'Balanço Funcional'!D51) -> #DIV/0! | D49: ='Balanço Funcional'!E5/('Balanço Funcional'!E6+'Balanço Funcional'!E26+'Balanço Funcional'!E51) -> #DIV/0! | E49: ='Balanço Funcional'!F5/('Balanço Funcional'!F6+'Balanço Funcional'!F26+'Balanço Funcional'!F51) -> #DIV/0!
A50: Debt Equity Ratio estrutura | B50: ='Balanço Funcional'!C5/'Balanço Funcional'!C4 -> #DIV/0! | C50: ='Balanço Funcional'!D5/'Balanço Funcional'!D4 -> #DIV/0! | D50: ='Balanço Funcional'!E5/'Balanço Funcional'!E4 -> #DIV/0! | E50: ='Balanço Funcional'!F5/'Balanço Funcional'!F4 -> #DIV/0!
A56: Racios de Equilibrio Financeiro | B56: 2011 | C56: 2010 | D56: 2009 | E56: 2008
A57: 1 Activo Fixo | B57: ='Estrutura de Custos'!AD27 -> 0 | C57: ='Estrutura de Custos'!AF27 -> 0 | D57: ='Estrutura de Custos'!AH27 -> 0 | E57: ='Estrutura de Custos'!AJ27 -> 0
A58: 2 Activo Circulante | B58: ='Estrutura de Custos'!AD41 -> 0 | C58: ='Estrutura de Custos'!AF41 -> 0 | D58: ='Estrutura de Custos'!AH41 -> 0 | E58: ='Estrutura de Custos'!AJ41 -> 0
A59: 3 Activo 1+2 | B59: =B57+B58 -> 0 | C59: =C57+C58 -> 0 | D59: =D57+D58 -> 0 | E59: =E57+E58 -> 0
A61: 4 Capital Proprio | B61: ='Estrutura de Custos'!AD6 -> 0 | C61: ='Estrutura de Custos'!AF6 -> 0 | D61: ='Estrutura de Custos'!AH6 -> 0 | E61: ='Estrutura de Custos'!AJ6 -> 0
A62: 5 Capital Alheio MLP | B62: ='Estrutura de Custos'!AD7 -> 0 | C62: ='Estrutura de Custos'!AF7 -> 0 | D62: ='Estrutura de Custos'!AH7 -> 0 | E62: ='Estrutura de Custos'!AJ7 -> 0
A63: 6 Capital Permanente 4+5 | B63: =B61+B62 -> 0 | C63: =C61+C62 -> 0 | D63: =D61+D62 -> 0 | E63: =E61+E62 -> 0
A65: 7 Passivo Circulante | B65: ='Estrutura de Custos'!AD9 -> 0 | C65: ='Estrutura de Custos'!AF9 -> 0 | D65: ='Estrutura de Custos'!AH9 -> 0 | E65: ='Estrutura de Custos'!AJ9 -> 0
A66: 8 Capital Alheio 5+7 | B66: =B62+B65 -> 0 | C66: =C62+C65 -> 0 | D66: =D62+D65 -> 0 | E66: =E62+E65 -> 0
A68: Grau de Cobertura do AFL por C.Permanentes 6/1 | B68: =B63/B57 -> #DIV/0! | C68: =C63/C57 -> #DIV/0! | D68: =D63/D57 -> #DIV/0! | E68: =E63/E57 -> #DIV/0!
A69: Solvabilidade 4/8 | B69: =B61/B66 -> #DIV/0! | C69: =C61/C66 -> #DIV/0! | D69: =D61/D66 -> #DIV/0! | E69: =E61/E66 -> #DIV/0!
A70: Autonomia Finaceira 4/(4+8) | B70: =B61/(B61+B66) -> #DIV/0! | C70: =C61/(C61+C66) -> #DIV/0! | D70: =D61/(D61+D66) -> #DIV/0! | E70: =E61/(E61+E66) -> #DIV/0!
A71: Capacidade de Endividamento 4/6 | B71: =B61/B63 -> #DIV/0! | C71: =C61/C63 -> #DIV/0! | D71: =D61/D63 -> #DIV/0! | E71: =E61/E63 -> #DIV/0!

Sheet Meios Libertos
B4: 2011 | C4: 2010 | D4: 2009 | E4: 2008
A5: 1 Resultado Operacional | B5: ='Risco e Rendibilidade do CI'!B9 -> -75518065 | C5: ='Risco e Rendibilidade do CI'!C9 -> -48134257 | D5: ='Risco e Rendibilidade do CI'!D9 -> -65628649 | E5: ='Risco e Rendibilidade do CI'!E9 -> -58551978
A6: 2 Amortizações depreciações e Perdas por Imparidade | B6: =DR!B18+515172069 -> 515172069 | C6: =DR!C18+422745542 -> 422745542 | D6: =DR!D18+470563303 -> 470563303 | E6: =DR!E18+429877963 -> 429877963
A7: 3 Provisoes | C7: 128630333 | D7: 180445655 | E7: 221374002
A8: 4 Resultado Liquido | B8: =DR!$B$36 -> 0 | C8: =DR!$C$36 -> 0 | D8: =DR!$D$36 -> 0 | E8: =DR!$E$36 -> 0
A9: 5 Dividendos | B9: 1117987321 | C9: =503626688+875872500 -> 1379499188 | D9: 503626688 | E9: 533200884
A10: 6 MLBT=EBITDA (1+2+3) | B10: =SUM(B5:B7) -> 439654004 | C10: =SUM(C5:C7) -> 503241618 | D10: =SUM(D5:D7) -> 585380309 | E10: =SUM(E5:E7) -> 592699987
A11: 7 MLLT (2+3+4) | B11: =SUM(B6:B8) -> 515172069 | C11: =SUM(C6:C8) -> 551375875 | D11: =SUM(D6:D8) -> 651008958 | E11: =SUM(E6:E8) -> 651251965
A12: 8 MLLR (7-5) | B12: =B11-B9 -> -602815252 | C12: =C11-C9 -> -828123313 | D12: =D11-D9 -> 147382270 | E12: =E11-E9 -> 118051081

Sheet Estrutura de Custos
B2: 2011 | C2: 2010 | D2: 2009 | E2: 2008 | G2: Demonstração de Resultados em % do Volume de Negocios
A3: Operações continuadas | H3: 2011 | I3: 2010 | J3: Variação | K3: 2010 | L3: 2009 | M3: Variação | N3: 2009 | O3: 2008 | P3: Variação
A4: Receitas | G4: Volume de Negocios | H4: =B5+B6 -> 6000742302 | I4: =C5+C6 -> 0 | J4: =H4-I4 -> 6000742302 | K4: =I4 -> 0 | L4: =D5+D6 -> 0 | M4: =K4-L4 -> 0 | N4: =L4 -> 0 | O4: =E5+E6 -> 0 | P4: =N4-O4 -> 0 | S4: 2011 | T4: 2010 | U4: Variação | V4: 2010 | W4: 2009 | X4: Variação | Y4: 2009 | Z4: 2008 | AA4: Variação | AC4: Estrutura das Origens de Fundos | AD4: 2011 | AE4: % | AF4: 2010 | AG4: % | AH4: 2009 | AI4: % | AJ4: 2008 | AK4: %
A5: Prestação de Serviços | B5: 5859286893 | C5: =DR!C6 -> 0 | D5: =DR!D6 -> 0 | E5: =DR!E6 -> 0 | G5: Custos com o Pessoal | H5: =B10/$H$4 -> 0.1700582 | I5: =C10/$I$4 -> #DIV/0! | J5: =H5-I5 -> #DIV/0! | K5: =I5 -> #DIV/0! | L5: =D10/$L$4 -> #DIV/0! | M5: =K5-L5 -> #DIV/0! | N5: =L5 -> #DIV/0! | O5: =E10/$O$4 -> #DIV/0! | P5: =N5-O5 -> #DIV/0! | R5: Volume de Negocios
A6: Vendas | B6: 141455409 | C6: =DR!C7 -> 0 | D6: =DR!D7 -> 0 | E6: =DR!E7 -> 0 | G6: Custos Diretos dos Serviços Prestados | H6: =B11/$H$4 -> 0.16869154 | I6: =C11/$I$4 -> #DIV/0! | J6: =H6-I6 -> #DIV/0! | K6: =I6 -> #DIV/0! | L6: =D11/$L$4 -> #DIV/0! | M6: =K6-L6 -> #DIV/0! | N6: =L6 -> #DIV/0! | O6: =E11/$O$4 -> #DIV/0! | P6: =N6-O6 -> #DIV/0! | R6: Custos com o Pessoal | S6: =B10/$S$26 -> 0.18855703 | T6: =C10/$U$26 -> #DIV/0! | U6: =S6-T6 -> #DIV/0! | V6: =T6 -> #DIV/0! | W6: =D10/$W$26 -> #DIV/0! | X6: =V6-W6 -> #DIV/0! | Y6: =W6 -> #DIV/0! | Z6: =E10/$Y$26 -> #DIV/0! | AA6: =Y6-Z6 -> #DIV/0! | AC6: Capital Proprio | AD6: ='Balanço Funcional'!C4 -> 0 | AE6: =AD6/AD10 -> #DIV/0! | AF6: ='Balanço Funcional'!D4 -> 0 | AG6: =AF6/AF10 -> #DIV/0! | AH6: ='Balanço Funcional'!E4 -> 0 | AI6: =AH6/AH10 -> #DIV/0! | AJ6: ='Balanço Funcional'!F4 -> 0 | AK6: =AJ6/AJ10 -> #DIV/0!
A7: Outras Receitas * | B7: 146102419 | C7: =DR!C8 -> 0 | D7: =DR!D8 -> 0 | E7: =DR!E8 -> 0 | G7: Custos das Mercadorias Vendidas | H7: =B12/$H$4 -> 0.028309018 | I7: =C12/$I$4 -> #DIV/0! | J7: =H7-I7 -> #DIV/0! | K7: =I7 -> #DIV/0! | L7: =D12/$L$4 -> #DIV/0! | M7: =K7-L7 -> #DIV/0! | N7: =L7 -> #DIV/0! | O7: =E12/$O$4 -> #DIV/0! | P7: =N7-O7 -> #DIV/0! | R7: Custos Diretos dos Serviços Prestados | S7: =B11/$S$26 -> 0.1870417 | T7: =C11/$U$26 -> #DIV/0! | U7: =S7-T7 -> #DIV/0! | V7: =T7 -> #DIV/0! | W7: =D11/$W$26 -> #DIV/0! | X7: =V7-W7 -> #DIV/0! | Y7: =W7 -> #DIV/0! | Z7: =E11/$Y$26 -> #DIV/0! | AA7: =Y7-Z7 -> #DIV/0! | AC7: Capital Alheio M/LP | AD7: ='Balanço Funcional'!C5 -> 0 | AE7: =AD7/AD10 -> #DIV/0! | AF7: ='Balanço Funcional'!D5 -> 0 | AG7: =AF7/AF10 -> #DIV/0! | AH7: ='Balanço Funcional'!E5 -> 0 | AI7: =AH7/AH10 -> #DIV/0! | AJ7: ='Balanço Funcional'!F5 -> 0 | AK7: =AJ7/AJ10 -> #DIV/0!
B8: =B5+B6+B7 -> 6146844721 | C8: =C5+C6+C7 -> 0 | D8: =D5+D6+D7 -> 0 | E8: =E5+E6+E7 -> 0 | G8: Marketeing e Publicidade | H8: =B13/$H$4 -> 0.021850433 | I8: =C13/$I$4 -> #DIV/0! | J8: =H8-I8 -> #DIV/0! | K8: =I8 -> #DIV/0! | L8: =D13/$L$4 -> #DIV/0! | M8: =K8-L8 -> #DIV/0! | N8: =L8 -> #DIV/0! | O8: =E13/$O$4 -> #DIV/0! | P8: =N8-O8 -> #DIV/0! | R8: Custos das Mercadorias Vendidas | S8: =B12/$S$26 -> 0.031388455 | T8: =C12/$U$26 -> #DIV/0! | U8: =S8-T8 -> #DIV/0! | V8: =T8 -> #DIV/0! | W8: =D12/$W$26 -> #DIV/0! | X8: =V8-W8 -> #DIV/0! | Y8: =W8 -> #DIV/0! | Z8: =E12/$Y$26 -> #DIV/0! | AA8: =Y8-Z8 -> #DIV/0! | AC8: Total do Capital Permanente | AD8: =AD6+AD7 -> 0 | AE8: =AE6+AE7 -> #DIV/0! | AF8: =AF6+AF7 -> 0 | AG8: =AG6+AG7 -> #DIV/0! | AH8: =AH6+AH7 -> 0 | AI8: =AI6+AI7 -> #DIV/0! | AJ8: =AJ6+AJ7 -> 0 | AK8: =AK6+AK7 -> #DIV/0!
A9: Custos Perdas e Ganhos | G9: FSE e outras despesas | H9: =B14/$H$4 -> 0.21353737 | I9: =C14/$I$4 -> #DIV/0! | J9: =H9-I9 -> #DIV/0! | K9: =I9 -> #DIV/0! | L9: =D14/$L$4 -> #DIV/0! | M9: =K9-L9 -> #DIV/0! | N9: =L9 -> #DIV/0! | O9: =E14/$O$4 -> #DIV/0! | P9: =N9-O9 -> #DIV/0! | R9: Marketeing e Publicidade | S9: =B13/$S$26 -> 0.02422731 | T9: =C13/$U$26 -> #DIV/0! | U9: =S9-T9 -> #DIV/0! | V9: =T9 -> #DIV/0! | W9: =D13/$W$26 -> #DIV/0! | X9: =V9-W9 -> #DIV/0! | Y9: =W9 -> #DIV/0! | Z9: =E13/$Y$26 -> #DIV/0! | AA9: =Y9-Z9 -> #DIV/0! | AC9: Passivo CP | AD9: ='Balanço Funcional'!C26+'Balanço Funcional'!C51 -> 0 | AE9: =AD9/AD10 -> #DIV/0! | AF9: ='Balanço Funcional'!D26+'Balanço Funcional'!D51 -> 0 | AG9: =AF9/AF10 -> #DIV/0! | AH9: ='Balanço Funcional'!E26+'Balanço Funcional'!E51 -> 0 | AI9: =AH9/AH10 -> #DIV/0! | AJ9: ='Balanço Funcional'!F26+'Balanço Funcional'!F51 -> 0 | AK9: =AJ9/AJ10 -> #DIV/0!
A10: Custos com o Pessoal | B10: 1020475455 | C10: =DR!C11 -> 0 | D10: =DR!D11 -> 0 | E10: =DR!E11 -> 0 | G10: Impostos indiretos | H10: =B15/$H$4 -> 0.031239595 | I10: =C15/$I$4 -> #DIV/0! | J10: =H10-I10 -> #DIV/0! | K10: =I10 -> #DIV/0! | L10: =D15/$L$4 -> #DIV/0! | M10: =K10-L10 -> #DIV/0! | N10: =L10 -> #DIV/0! | O10: =E15/$O$4 -> #DIV/0! | P10: =N10-O10 -> #DIV/0! | R10: FSE e outras despesas | S10: =B14/$S$26 -> 0.23676583 | T10: =C14/$U$26 -> #DIV/0! | U10: =S10-T10 -> #DIV/0! | V10: =T10 -> #DIV/0! | W10: =D14/$W$26 -> #DIV/0! | X10: =V10-W10 -> #DIV/0! | Y10: =W10 -> #DIV/0! | Z10: =E14/$Y$26 -> #DIV/0! | AA10: =Y10-Z10 -> #DIV/0! | AC10: Total das Origens de Fundos | AD10: =AD8+AD9 -> 0 | AE10: =AE8+AE9 -> #DIV/0! | AF10: =AF8+AF9 -> 0 | AG10: =AG8+AG9 -> #DIV/0! | AH10: =AH8+AH9 -> 0 | AI10: =AI8+AI9 -> #DIV/0! | AJ10: =AJ8+AJ9 -> 0 | AK10: =AK8+AK9 -> #DIV/0!
A11: Custos Diretos dos Serviços Prestados | B11: 1012274450 | C11: =DR!C12 -> 0 | D11: =DR!D12 -> 0 | E11: =DR!E12 -> 0 | G11: Provisões e Ajustamentos | H11: =B16/$H$4 -> 0.026040797 | I11: =C16/$I$4 -> #DIV/0! | J11: =H11-I11 -> #DIV/0! | K11: =I11 -> #DIV/0! | L11: =D16/$L$4 -> #DIV/0! | M11: =K11-L11 -> #DIV/0! | N11: =L11 -> #DIV/0! | O11: =E16/$O$4 -> #DIV/0! | P11: =N11-O11 -> #DIV/0! | R11: Impostos indiretos | S11: =B15/$S$26 -> 0.034637819 | T11: =C15/$U$26 -> #DIV/0! | U11: =S11-T11 -> #DIV/0! | V11: =T11 -> #DIV/0! | W11: =D15/$W$26 -> #DIV/0! | X11: =V11-W11 -> #DIV/0! | Y11: =W11 -> #DIV/0! | Z11: =E15/$Y$26 -> #DIV/0! | AA11: =Y11-Z11 -> #DIV/0!
A12: Custos das Mercadorias Vendidas | B12: 169875122 | C12: =DR!C13 -> 0 | D12: =DR!D13 -> 0 | E12: =DR!E13 -> 0 | G12: Amortizações | H12: =B17/$H$4 -> 0.22090344 | I12: =C17/$I$4 -> #DIV/0! | J12: =H12-I12 -> #DIV/0! | K12: =I12 -> #DIV/0! | L12: =D17/$L$4 -> #DIV/0! | M12: =K12-L12 -> #DIV/0! | N12: =L12 -> #DIV/0! | O12: =E17/$O$4 -> #DIV/0! | P12: =N12-O12 -> #DIV/0! | R12: Provisões e Ajustamentos | S12: =B16/$S$26 -> 0.028873498 | T12: =C16/$U$26 -> #DIV/0! | U12: =S12-T12 -> #DIV/0! | V12: =T12 -> #DIV/0! | W12: =D16/$W$26 -> #DIV/0! | X12: =V12-W12 -> #DIV/0! | Y12: =W12 -> #DIV/0! | Z12: =E16/$Y$26 -> #DIV/0! | AA12: =Y12-Z12 -> #DIV/0!
A13: Marketing e Publicidade | B13: 131118820 | C13: =DR!C14 -> 0 | D13: =DR!D14 -> 0 | E13: =DR!E14 -> 0 | G13: Custos com beneficios de reformas | H13: =B18/$H$4 -> 0.0097533014 | I13: =C18/$I$4 -> #DIV/0! | J13: =H13-I13 -> #DIV/0! | K13: =I13 -> #DIV/0! | L13: =D18/$L$4 -> #DIV/0! | M13: =K13-L13 -> #DIV/0! | N13: =L13 -> #DIV/0! | O13: =E18/$O$4 -> #DIV/0! | P13: =N13-O13 -> #DIV/0! | R13: Amortizações | S13: =B17/$S$26 -> 0.24493318 | T13: =C17/$U$26 -> #DIV/0! | U13: =S13-T13 -> #DIV/0! | V13: =T13 -> #DIV/0! | W13: =D17/$W$26 -> #DIV/0! | X13: =V13-W13 -> #DIV/0! | Y13: =W13 -> #DIV/0! | Z13: =E17/$Y$26 -> #DIV/0! | AA13: =Y13-Z13 -> #DIV/0!
A14: FSE e outras despesas | B14: 1281382721 | C14: =DR!C15 -> 0 | D14: =DR!D15 -> 0 | E14: =DR!E15 -> 0 | G14: Custos com redução de efectivos | H14: =B19/$H$4 -> 0.0060708946 | I14: =C19/$I$4 -> #DIV/0! | J14: =H14-I14 -> #DIV/0! | K14: =I14 -> #DIV/0! | L14: =D19/$L$4 -> #DIV/0! | M14: =K14-L14 -> #DIV/0! | N14: =L14 -> #DIV/0! | O14: =E19/$O$4 -> #DIV/0! | P14: =N14-O14 -> #DIV/0! | R14: Custos com beneficios de reformas | S14: =B18/$S$26 -> 0.010814259 | T14: =C18/$U$26 -> #DIV/0! | U14: =S14-T14 -> #DIV/0! | V14: =T14 -> #DIV/0! | W14: =D18/$W$26 -> #DIV/0! | X14: =V14-W14 -> #DIV/0! | Y14: =W14 -> #DIV/0! | Z14: =E18/$Y$26 -> #DIV/0! | AA14: =Y14-Z14 -> #DIV/0! | AC14: Estrutura da Aplicação de Fundos | AD14: 2011 | AE14: % | AF14: 2010 | AG14: % | AH14: 2009 | AI14: % | AJ14: 2008 | AK14: %
A15: Impostos indiretos | B15: 187460760 | C15: =DR!C16 -> 0 | D15: =DR!D16 -> 0 | E15: =DR!E16 -> 0 | G15: Ganhos com a alienção de ativos fixos Liquidos | H15: =B20/$H$4 -> -0.0015316387 | I15: =C20/$I$4 -> #DIV/0! | J15: =H15-I15 -> #DIV/0! | K15: =I15 -> #DIV/0! | L15: =D20/$L$4 -> #DIV/0! | M15: =K15-L15 -> #DIV/0! | N15: =L15 -> #DIV/0! | O15: =E20/$O$4 -> #DIV/0! | P15: =N15-O15 -> #DIV/0! | R15: Custos com redução de efectivos | S15: =B19/$S$26 -> 0.0067312827 | T15: =C19/$U$26 -> #DIV/0! | U15: =S15-T15 -> #DIV/0! | V15: =T15 -> #DIV/0! | W15: =D19/$W$26 -> #DIV/0! | X15: =V15-W15 -> #DIV/0! | Y15: =W15 -> #DIV/0! | Z15: =E19/$Y$26 -> #DIV/0! | AA15: =Y15-Z15 -> #DIV/0!
A16: Provisões e Ajustamentos | B16: 156264110 | C16: =DR!C17 -> 0 | D16: =DR!D17 -> 0 | E16: =DR!E17 -> 0 | G16: Resultados antes dos resultados finaceiros e de impostos | H16: =B23/$H$4 -> 0.12398635 | I16: =C23/$I$4 -> #DIV/0! | J16: =H16-I16 -> #DIV/0! | K16: =I16 -> #DIV/0! | L16: =D21/$L$4 -> #DIV/0! | M16: =K16-L16 -> #DIV/0! | N16: =L16 -> #DIV/0! | O16: =E21/$O$4 -> #DIV/0! | P16: =N16-O16 -> #DIV/0! | R16: Outros custos liquidos | S16: =B21/$S$26 -> 0.0060296432 | T16: =C21/$U$26 -> #DIV/0! | U16: =S16-T16 -> #DIV/0! | V16: =T16 -> #DIV/0! | W16: =D21/$W$26 -> #DIV/0! | X16: =V16-W16 -> #DIV/0! | Y16: =W16 -> #DIV/0! | Z16: =E21/$Y$26 -> #DIV/0! | AA16: =Y16-Z16 -> #DIV/0! | AC16: Activo Fixo
A17: Amortizações | B17: 1325584609 | C17: =DR!C18 -> 0 | D17: =DR!D18 -> 0 | E17: =DR!E18 -> 0 | AC17: Activos Fixos Tangiveis | AD17: ='Posição Financeira'!B25 -> 0 | AE17: =AD17/$AD$42 -> #DIV/0! | AF17: ='Posição Financeira'!C25 -> 0 | AG17: =AF17/$AF$42 -> #DIV/0! | AH17: ='Posição Financeira'!D25 -> 0 | AI17: =AH17/$AH$42 -> #DIV/0! | AJ17: ='Posição Financeira'!E25 -> 0 | AK17: =AJ17/$AJ$42 -> #DIV/0!
A18: Custos com beneficios de reformas | B18: 58527048 | C18: =DR!C19 -> 0 | D18: =DR!D19 -> 0 | E18: =DR!E19 -> 0 | G18: Custos e ganhos Finaceiros | R18: Custos e ganhos Finaceiros | AC18: Activos Fixos Intangiveis | AD18: ='Posição Financeira'!B24 -> 0 | AE18: =AD18/$AD$42 -> #DIV/0! | AF18: ='Posição Financeira'!C24 -> 0 | AG18: =AF18/$AF$42 -> #DIV/0! | AH18: ='Posição Financeira'!D24 -> 0 | AI18: =AH18/$AH$42 -> #DIV/0! | AJ18: ='Posição Financeira'!E24 -> 0 | AK18: =AJ18/$AJ$42 -> #DIV/0!
A19: Custos com redução de efectivos | B19: 36429874 | C19: =DR!C20 -> 0 | D19: =DR!D20 -> 0 | E19: =DR!E20 -> 0 | G19: Juros suportados liquidos | H19: =B26/$H$4 -> 0.049512987 | I19: =C26/$I$4 -> #DIV/0! | J19: =H19-I19 -> #DIV/0! | K19: =I19 -> #DIV/0! | L19: =D26/$L$4 -> #DIV/0! | M19: =K19-L19 -> #DIV/0! | N19: =L19 -> #DIV/0! | O19: =E26/$O$4 -> #DIV/0! | P19: =N19-O19 -> #DIV/0! | R19: Juros suportados liquidos | S19: =B26/$S$27 -> 0.7029585 | T19: =C26/$U$27 -> #DIV/0! | U19: =S19-T19 -> #DIV/0! | V19: =T19 -> #DIV/0! | W19: =D26/$W$27 -> #DIV/0! | X19: =V19-W19 -> #DIV/0! | Y19: =W19 -> #DIV/0! | Z19: =E26/$Y$27 -> #DIV/0! | AA19: =Y19-Z19 -> #DIV/0! | AC19: Contas a receber - clientes | AD19: ='Posição Financeira'!B19 -> 0 | AE19: =AD19/$AD$42 -> #DIV/0! | AF19: ='Posição Financeira'!C19 -> 0 | AG19: =AF19/$AF$42 -> #DIV/0! | AH19: ='Posição Financeira'!D19 -> 0 | AI19: =AH19/$AH$42 -> #DIV/0! | AJ19: ='Posição Financeira'!E19 -> 0 | AK19: =AJ19/$AJ$42 -> #DIV/0!
A20: Ganhos com a alienção de ativos fixos Liquidos | B20: -9190969 | C20: =DR!C21 -> 0 | D20: =DR!D21 -> 0 | E20: =DR!E21 -> 0 | G20: Perdas com variçoes cambiais liquidas | H20: =B27/$H$4 -> 0.0030239644 | I20: =C27/$I$4 -> #DIV/0! | J20: =H20-I20 -> #DIV/0! | K20: =I20 -> #DIV/0! | L20: =D27/$L$4 -> #DIV/0! | M20: =K20-L20 -> #DIV/0! | N20: =L20 -> #DIV/0! | O20: =E27/$O$4 -> #DIV/0! | P20: =N20-O20 -> #DIV/0! | R20: Perdas com variçoes cambiais liquidas | S20: =B27/$S$27 -> 0.042932604 | T20: =C27/$U$27 -> #DIV/0! | U20: =S20-T20 -> #DIV/0! | V20: =T20 -> #DIV/0! | W20: =D27/$W$27 -> #DIV/0! | X20: =V20-W20 -> #DIV/0! | Y20: =W20 -> #DIV/0! | AA20: =Y20-Z20 -> #DIV/0! | AC20: Contas a receber - outros | AD20: ='Posição Financeira'!B20 -> 0 | AE20: =AD20/$AD$42 -> #DIV/0! | AF20: ='Posição Financeira'!C20 -> 0 | AG20: =AF20/$AF$42 -> #DIV/0! | AH20: ='Posição Financeira'!D20 -> 0 | AI20: =AH20/$AH$42 -> #DIV/0! | AJ20: ='Posição Financeira'!E20 -> 0 | AK20: =AJ20/$AJ$42 -> #DIV/0!
A21: Outros custos liquidos | B21: 32632583 | C21: =DR!C22 -> 0 | D21: =DR!D22 -> 0 | E21: =DR!E22 -> 0 | G21: Outros custos finaceiros liquidos | H21: =B28/$H$4 -> 0.017898198 | I21: =C28/$I$4 -> #DIV/0! | J21: =H21-I21 -> #DIV/0! | K21: =I21 -> #DIV/0! | L21: =D28/$L$4 -> #DIV/0! | M21: =K21-L21 -> #DIV/0! | N21: =L21 -> #DIV/0! | O21: =E28/$O$4 -> #DIV/0! | P21: =N21-O21 -> #DIV/0! | R21: Outros custos finaceiros liquidos | S21: =B28/$S$27 -> 0.2541089 | T21: =C28/$U$27 -> #DIV/0! | U21: =S21-T21 -> #DIV/0! | V21: =T21 -> #DIV/0! | W21: =D28/$W$27 -> #DIV/0! | X21: =V21-W21 -> #DIV/0! | Y21: =W21 -> #DIV/0! | AA21: =Y21-Z21 -> #DIV/0! | AC21: Impostos a recuperar | AD21: ='Posição Financeira'!B21 -> 0 | AE21: =AD21/$AD$42 -> #DIV/0! | AF21: ='Posição Financeira'!C21 -> 0 | AG21: =AF21/$AF$42 -> #DIV/0! | AH21: ='Posição Financeira'!D21 -> 0 | AI21: =AH21/$AH$42 -> #DIV/0! | AJ21: ='Posição Financeira'!E21 -> 0 | AK21: =AJ21/$AJ$42 -> #DIV/0!
B22: =SUM(B10:B21) -> 5402834583 | C22: =SUM(C10:C21) -> 0 | D22: =SUM(D10:D21) -> 0 | E22: =SUM(E10:E21) -> 0 | G22: Total de Custos Finaceiros | H22: =B29/$H$4 -> 0.070435149 | I22: =C29/$I$4 -> #DIV/0! | J22: =H22-I22 -> #DIV/0! | K22: =I22 -> #DIV/0! | L22: =D29/$L$4 -> #DIV/0! | M22: =K22-L22 -> #DIV/0! | N22: =L22 -> #DIV/0! | O22: =E29/$O$4 -> #DIV/0! | P22: =N22-O22 -> #DIV/0! | AC22: Investimentos em empresas participadas | AD22: ='Posição Financeira'!B22 -> 0 | AE22: =AD22/$AD$42 -> #DIV/0! | AF22: ='Posição Financeira'!C22 -> 0 | AG22: =AF22/$AF$42 -> #DIV/0! | AH22: ='Posição Financeira'!D22 -> 0 | AI22: =AH22/$AH$42 -> #DIV/0! | AJ22: ='Posição Financeira'!E22 -> 0 | AK22: =AJ22/$AJ$42 -> #DIV/0!
A23: Resultados antes dos resultados finaceiros e de impostos | B23: =B8-B22 -> 744010138 | C23: =C8-C22 -> 0 | D23: =D8-D22 -> 0 | E23: =E8-E22 -> 0 | G23: Ganhos em activos finaceiros e outros investimentos | H23: =B31/$H$4 -> 9.6277589e-05 | I23: =C31/$I$4 -> #DIV/0! | J23: =H23-I23 -> #DIV/0! | K23: =I23 -> #DIV/0! | L23: =D31/$L$4 -> #DIV/0! | M23: =K23-L23 -> #DIV/0! | N23: =L23 -> #DIV/0! | O23: =E31/$O$4 -> #DIV/0! | P23: =N23-O23 -> #DIV/0! | AC23: Outros investimentos | AD23: ='Posição Financeira'!B23 -> 0 | AE23: =AD23/$AD$42 -> #DIV/0! | AF23: ='Posição Financeira'!C23 -> 0 | AG23: =AF23/$AF$42 -> #DIV/0! | AH23: ='Posição Financeira'!D23 -> 0 | AI23: =AH23/$AH$42 -> #DIV/0! | AJ23: ='Posição Financeira'!E23 -> 0 | AK23: =AJ23/$AJ$42 -> #DIV/0!
G24: Ganhos em empresas participadas liquidos | H24: =B32/$H$4 -> 0.034859664 | I24: =C32/$I$4 -> #DIV/0! | J24: =H24-I24 -> #DIV/0! | K24: =I24 -> #DIV/0! | L24: =D32/$L$4 -> #DIV/0! | M24: =K24-L24 -> #DIV/0! | N24: =L24 -> #DIV/0! | O24: =E32/$O$4 -> #DIV/0! | P24: =N24-O24 -> #DIV/0! | AC24: Benefícios de reforma | AD24: ='Posição Financeira'!B26 -> 0 | AE24: =AD24/$AD$42 -> #DIV/0! | AF24: ='Posição Financeira'!C26 -> 0 | AG24: =AF24/$AF$42 -> #DIV/0! | AH24: ='Posição Financeira'!D26 -> 0 | AI24: =AH24/$AH$42 -> #DIV/0! | AJ24: ='Posição Financeira'!E26 -> 0 | AK24: =AJ24/$AJ$42 -> #DIV/0!
A25: Custos e Ganhos Finaceiros | G25: Ganhos com varições cambiais liquidas | H25: =B33/$H$4 -> 0 | I25: =C33/$I$4 -> #DIV/0! | J25: =H25-I25 -> #DIV/0! | K25: =I25 -> #DIV/0! | L25: =D33/$L$4 -> #DIV/0! | M25: =K25-L25 -> #DIV/0! | N25: =L25 -> #DIV/0! | O25: =E33/$O$4 -> #DIV/0! | P25: =N25-O25 -> #DIV/0! | S25: 2011 | U25: 2010 | W25: 2009 | Y25: 2008 | AC25: Depósitos judiciais | AD25: ='Posição Financeira'!B28 -> 0 | AE25: =AD25/$AD$42 -> #DIV/0! | AF25: ='Posição Financeira'!C28 -> 0 | AG25: =AF25/$AF$42 -> #DIV/0! | AH25: ='Posição Financeira'!D28 -> 0 | AI25: =AH25/$AH$42 -> #DIV/0! | AJ25: ='Posição Financeira'!E28 -> 0 | AK25: =AJ25/$AJ$42 -> #DIV/0!
A26: Juros liquidos | B26: 297114673 | C26: =DR!C27 -> 0 | D26: =DR!D27 -> 0 | E26: =DR!E27 -> 0 | G26: Total de Ganhos Finaceiros | H26: =B34/$H$4 -> 0.034955942 | I26: =C34/$I$4 -> #DIV/0! | J26: =H26-I26 -> #DIV/0! | K26: =I26 -> #DIV/0! | L26: =D34/$L$4 -> #DIV/0! | M26: =K26-L26 -> #DIV/0! | N26: =L26 -> #DIV/0! | O26: =E34/$O$4 -> #DIV/0! | P26: =N26-O26 -> #DIV/0! | R26: Total de Custos Operaconais | S26: =SUM(B10:B19)+B21 -> 5412025552 | U26: =SUM(C10:C19)+C21 -> 0 | W26: =SUM(D10:D19)+D21 -> 0 | Y26: =SUM(E10:E19)+E21 -> 0 | AC26: Outros ativos não correntes | AD26: ='Posição Financeira'!B29 -> 0 | AE26: =AD26/$AD$42 -> #DIV/0! | AF26: ='Posição Financeira'!C29 -> 0 | AG26: =AF26/$AF$42 -> #DIV/0! | AH26: ='Posição Financeira'!D29 -> 0 | AI26: =AH26/$AH$42 -> #DIV/0! | AJ26: ='Posição Financeira'!E29 -> 0 | AK26: =AJ26/$AJ$42 -> #DIV/0!
A27: Perdas com varições cambiais liquidas | B27: 18146031 | C27: =DR!C28 -> 0 | D27: 0 | E27: =DR!F28 -> 0 | R27: Total de Custos Finaceiros | S27: =SUM(B26:B28) -> 422663179 | U27: =C29 -> 0 | W27: =D29 -> 0 | Y27: =E29 -> 0 | AC27: Total do Activo Fixo | AD27: =SUM(AD17:AD26) -> 0 | AE27: =SUM(AE17:AE26) -> #DIV/0! | AF27: =SUM(AF17:AF26) -> 0 | AG27: =SUM(AG17:AG26) -> #DIV/0! | AH27: =SUM(AH17:AH26) -> 0 | AI27: =SUM(AI17:AI26) -> #DIV/0! | AJ27: =SUM(AJ17:AJ26) -> 0 | AK27: =SUM(AK17:AK26) -> #DIV/0!
A28: Outros custos finaceiros liquidos | B28: 107402475 | C28: =DR!C31 -> 0 | D28: =DR!D31 -> 0 | E28: =DR!E31 -> 0 | G28: Resultando Antes Impostos | H28: =B37/$H$4 -> 0.088507143 | I28: =C37/$I$4 -> #DIV/0! | J28: =H28-I28 -> #DIV/0! | K28: =I28 -> #DIV/0! | L28: =D37/$L$4 -> #DIV/0! | M28: =K28-L28 -> #DIV/0! | N28: =L28 -> #DIV/0! | O28: =E37/$O$4 -> #DIV/0! | P28: =N28-O28 -> #DIV/0!
A29: Total de Custos Finaceiros | B29: =SUM(B26:B28) -> 422663179 | C29: =SUM(C26:C28) -> 0 | D29: =SUM(D26:D28) -> 0 | E29: =SUM(E26:E28) -> 0 | G29: Imposto sobre o rendimento | H29: =B38/$H$4 -> 0 | I29: =C38/$I$4 -> #DIV/0! | J29: =H29-I29 -> #DIV/0! | K29: =I29 -> #DIV/0! | L29: =D38/$L$4 -> #DIV/0! | M29: =K29-L29 -> #DIV/0! | N29: =L29 -> #DIV/0! | O29: =E38/$O$4 -> #DIV/0! | P29: =N29-O29 -> #DIV/0! | R29: Observamos que em termos de aplicações de fundos as rubricas de mais peso são em ambos os anos os
G30: Resultado liquido | H30: =B39/$H$4 -> 0.088507143 | I30: =C39/$I$4 -> #DIV/0! | J30: =H30-I30 -> #DIV/0! | K30: =I30 -> #DIV/0! | L30: =D39/$L$4 -> #DIV/0! | M30: =K30-L30 -> #DIV/0! | N30: =L30 -> #DIV/0! | O30: =E39/$O$4 -> #DIV/0! | P30: =N30-O30 -> #DIV/0! | R30: Custos com o Pessoal | AC30: Activo Circulante
A31: Ganhos em activos finaceiros e outros investimentos | B31: 577737 | C31: 1860287 | D31: 8067568 | E31: 19297574 | AC31: Caixa e equivalentes de caixa | AD31: ='Posição Financeira'!B6 -> 0 | AE31: =AD31/$AD$42 -> #DIV/0! | AF31: ='Posição Financeira'!C6 -> 0 | AG31: =AF31/$AF$42 -> #DIV/0! | AH31: ='Posição Financeira'!D6 -> 0 | AI31: =AH31/$AH$42 -> #DIV/0! | AJ31: ='Posição Financeira'!E6 -> 0 | AK31: =AJ31/$AJ$42 -> #DIV/0!
A32: Ganhos em empresas participadas liquidos | B32: 209183860 | C32: 141709104 | D32: 456043545 | E32: 170975397 | R32: Custos com o diretos dos serviços prestados | AC32: Investimentos de curto prazo | AD32: ='Posição Financeira'!B7 -> 0 | AE32: =AD32/$AD$42 -> #DIV/0! | AF32: ='Posição Financeira'!C7 -> 0 | AG32: =AF32/$AF$42 -> #DIV/0! | AH32: ='Posição Financeira'!D7 -> 0 | AI32: =AH32/$AH$42 -> #DIV/0! | AJ32: ='Posição Financeira'!E7 -> 0 | AK32: =AJ32/$AJ$42 -> #DIV/0!
A33: Ganhos com varições cambiais liquidas | B33: 0 | C33: 0 | D33: 20155129 | E33: 0 | R33: FSE | AC33: Contas a receber - clientes | AD33: ='Posição Financeira'!B8 -> 0 | AE33: =AD33/$AD$42 -> #DIV/0! | AF33: ='Posição Financeira'!C8 -> 0 | AG33: =AF33/$AF$42 -> #DIV/0! | AH33: ='Posição Financeira'!D8 -> 0 | AI33: =AH33/$AH$42 -> #DIV/0! | AJ33: ='Posição Financeira'!E8 -> 0 | AK33: =AJ33/$AJ$42 -> #DIV/0!
A34: Total de Ganhos Finaceiros | B34: =SUM(B31:B33) -> 209761597 | C34: =SUM(C31:C33) -> 143569391 | D34: =SUM(D31:D33) -> 484266242 | E34: =SUM(E31:E33) -> 190272971 | R34: Amortizções | AC34: Contas a receber - outros | AD34: ='Posição Financeira'!B9 -> 0 | AE34: =AD34/$AD$42 -> #DIV/0! | AF34: ='Posição Financeira'!C9 -> 0 | AG34: =AF34/$AF$42 -> #DIV/0! | AH34: ='Posição Financeira'!D9 -> 0 | AI34: =AH34/$AH$42 -> #DIV/0! | AJ34: ='Posição Financeira'!E9 -> 0 | AK34: =AJ34/$AJ$42 -> #DIV/0!
B35: =B29-B34 -> 212901582 | C35: =C29-C34 -> -143569391 | D35: =D29-D34 -> -484266242 | E35: =E29-E34 -> -190272971 | R35: Juros suportados | AC35: Existências | AD35: ='Posição Financeira'!B10 -> 0 | AE35: =AD35/$AD$42 -> #DIV/0! | AF35: ='Posição Financeira'!C10 -> 0 | AG35: =AF35/$AF$42 -> #DIV/0! | AH35: ='Posição Financeira'!D10 -> 0 | AI35: =AH35/$AH$42 -> #DIV/0! | AJ35: ='Posição Financeira'!E10 -> 0 | AK35: =AJ35/$AJ$42 -> #DIV/0!
R36: Outros Custos Financeiros | AC36: Impostos a recuperar | AD36: ='Posição Financeira'!B11 -> 0 | AE36: =AD36/$AD$42 -> #DIV/0! | AF36: ='Posição Financeira'!C11 -> 0 | AG36: =AF36/$AF$42 -> #DIV/0! | AH36: ='Posição Financeira'!D11 -> 0 | AI36: =AH36/$AH$42 -> #DIV/0! | AJ36: ='Posição Financeira'!E11 -> 0 | AK36: =AJ36/$AJ$42 -> #DIV/0!
A37: Resultando Antes Impostos | B37: =B23-B35 -> 531108556 | C37: =C23-C35 -> 143569391 | D37: =D23-D35 -> 484266242 | E37: =E23-E35 -> 190272971 | R37: MLBT=EBITDA | AC37: Custos diferidos | AD37: ='Posição Financeira'!B12 -> 0 | AE37: =AD37/$AD$42 -> #DIV/0! | AF37: ='Posição Financeira'!C12 -> 0 | AG37: =AF37/$AF$42 -> #DIV/0! | AH37: ='Posição Financeira'!D12 -> 0 | AI37: =AH37/$AH$42 -> #DIV/0! | AJ37: ='Posição Financeira'!E12 -> 0 | AK37: =AJ37/$AJ$42 -> #DIV/0!
A38: Imposto sobre o rendimento | B38: =DR!B35 -> 0 | C38: =DR!C35 -> 0 | D38: =DR!D35 -> 0 | E38: =DR!E35 -> 0 | R38: Outros Custos Financeiros | AC38: Depósitos judiciais | AD38: ='Posição Financeira'!B13 -> 0 | AE38: =AD38/$AD$42 -> #DIV/0! | AF38: ='Posição Financeira'!C13 -> 0 | AG38: =AF38/$AF$42 -> #DIV/0! | AH38: ='Posição Financeira'!D13 -> 0 | AI38: =AH38/$AH$42 -> #DIV/0! | AJ38: ='Posição Financeira'!E13 -> 0 | AK38: =AJ38/$AJ$42 -> #DIV/0!
A39: Resultado liquido | B39: =B37-B38 -> 531108556 | C39: =C37-C38 -> 143569391 | D39: =D37-D38 -> 484266242 | E39: =E37-E38 -> 190272971 | R39: MLBT=EBITDA | AC39: Outros ativos correntes | AD39: ='Posição Financeira'!B14 -> 0 | AE39: =AD39/$AD$42 -> #DIV/0! | AF39: ='Posição Financeira'!C14 -> 0 | AG39: =AF39/$AF$42 -> #DIV/0! | AH39: ='Posição Financeira'!D14 -> 0 | AI39: =AH39/$AH$42 -> #DIV/0! | AJ39: ='Posição Financeira'!E14 -> 0 | AK39: =AJ39/$AJ$42 -> #DIV/0!
AC40: Ativos não correntes detidos para venda | AD40: ='Posição Financeira'!B15 -> 0 | AE40: =AD40/$AD$42 -> #DIV/0! | AF40: ='Posição Financeira'!C15 -> 0 | AG40: =AF40/$AF$42 -> #DIV/0! | AH40: ='Posição Financeira'!D15 -> 0 | AI40: =AH40/$AH$42 -> #DIV/0! | AJ40: ='Posição Financeira'!E15 -> 0 | AK40: =AJ40/$AJ$42 -> #DIV/0!
AC41: Total do activo circulante | AD41: =SUM(AD31:AD40) -> 0 | AE41: =SUM(AE31:AE40) -> #DIV/0! | AF41: =SUM(AF31:AF40) -> 0 | AG41: =SUM(AG31:AG40) -> #DIV/0! | AH41: =SUM(AH31:AH40) -> 0 | AI41: =SUM(AI31:AI40) -> #DIV/0! | AJ41: =SUM(AJ31:AJ40) -> 0 | AK41: =SUM(AK31:AK40) -> #DIV/0!
AC42: Total das Aplicações | AD42: =AD27+AD41 -> 0 | AE42: =AE27+AE41 -> #DIV/0! | AF42: =AF27+AF41 -> 0 | AG42: =AG27+AG41 -> #DIV/0! | AH42: =AH27+AH41 -> 0 | AI42: =AI27+AI41 -> #DIV/0! | AJ42: =AJ27+AJ41 -> 0 | AK42: =AK27+AK41 -> #DIV/0!

Sheet Risco e Rendibilidade do CI
A2: Analise CVR | B2: 2011 | C2: 2010 | D2: 2009 | E2: 2008 | G2: Análise da Rendabilidade dos Capitais Próprios | H2: 2011 | I2: 2010 | J2: 2009 | K2: 2008
A3: 1 Volume de Negocios | G3: 1 Activo | H3: ='Posição Financeira'!$B$31-'Posição Financeira'!$B$27 -> 0 | I3: ='Posição Financeira'!$C$31-'Posição Financeira'!$C$27 -> 0 | J3: ='Posição Financeira'!$D$31-'Posição Financeira'!$D$27 -> 0 | K3: ='Posição Financeira'!$E$31-'Posição Financeira'!$E$27 -> 0
A4: 2 Custos Variaveis | G4: 2 Capital Próprio | H4: ='Balanço Funcional'!C4 -> 0 | I4: ='Balanço Funcional'!D4 -> 0 | J4: ='Balanço Funcional'!E4 -> 0 | K4: ='Balanço Funcional'!F4 -> 0
A5: 3 Margem Bruta (1-2) | B5: =B3-B4 -> 0 | C5: =C3-C4 -> 0 | D5: =D3-D4 -> 0 | E5: =E3-E4 -> 0 | G5: 3 Capital Alheio | H5: ='Balanço Funcional'!C51+'Balanço Funcional'!C26+'Balanço Funcional'!C5 -> 0 | I5: ='Balanço Funcional'!D51+'Balanço Funcional'!D26+'Balanço Funcional'!D5 -> 0 | J5: ='Balanço Funcional'!E51+'Balanço Funcional'!E26+'Balanço Funcional'!E5 -> 0 | K5: ='Balanço Funcional'!F51+'Balanço Funcional'!F26+'Balanço Funcional'!F5 -> 0
G6: 4 Volume de Negócios | H6: =DR!$B$6+DR!$B$7 -> 0 | I6: =DR!$C$6+DR!$C$7 -> 0 | J6: =DR!$D$6+DR!$D$7 -> 0 | K6: =DR!$E$6+DR!$E$7 -> 0
A7: 4 Outros Proveitos Operacionais | B7: =DR!B8 -> 0 | C7: =DR!C8 -> 0 | D7: =DR!D8 -> 0 | E7: =DR!E8 -> 0 | G7: 5 Custos variáveis | H7: =$B$5 -> 0 | I7: =$C$5 -> 0 | J7: =$D$5 -> 0 | K7: =$E$5 -> 0
A8: 5 Custos Fixos | B8: =DR!B11+DR!B18+75518065 -> 75518065 | C8: =DR!C11+DR!C18+48134257 -> 48134257 | D8: =DR!D11+DR!D18+65628649 -> 65628649 | E8: =DR!E11+DR!E18+58551978 -> 58551978 | G8: 6 Custos fixos | H8: =$B$8 -> 75518065 | I8: =$C$8 -> 48134257 | J8: =$D$8 -> 65628649 | K8: =$E$8 -> 58551978
A9: 6 Resultado Operacional (3+4-5) | B9: =B5+B7-B8 -> -75518065 | C9: =C5+C7-C8 -> -48134257 | D9: =D5+D7-D8 -> -65628649 | E9: =E5+E7-E8 -> -58551978 | G9: 7 Resultado operacional | H9: =$B$9 -> -75518065 | I9: =$C$9 -> -48134257 | J9: =$D$9 -> -65628649 | K9: =$E$9 -> -58551978
G10: 8 Resultado Antes de Impostos | H10: =DR!$B$34 -> 0 | I10: =DR!$C$34 -> 0 | J10: =DR!$D$34 -> 0 | K10: =DR!$E$34 -> 0
A11: 7 Ponto Critico (5/(3/1)) | B11: =B8/(B5/B3) -> #DIV/0! | C11: =C8/(C5/C3) -> #DIV/0! | D11: =D8/(D5/D3) -> #DIV/0! | E11: =E8/(E5/E3) -> #DIV/0! | G11: 9 Resultado Líquido | H11: =DR!$B$36 -> 0 | I11: =DR!$C$36 -> 0 | J11: =DR!$D$36 -> 0 | K11: =DR!$E$36 -> 0
A12: 8 Margem de Segurança ((1/7)-1) | B12: =(B3/B11)-1 -> #DIV/0! | C12: =(C3/C11)-1 -> #DIV/0! | D12: =(D3/D11)-1 -> #DIV/0! | E12: =(E3/E11)-1 -> #DIV/0!
A13: 9 Efeito dos Custos Fixos (6/3) | B13: =B9/B5 -> #DIV/0! | C13: =C9/C5 -> #DIV/0! | D13: =D9/D5 -> #DIV/0! | E13: =E9/E5 -> #DIV/0! | G13: 10 Custo Médio ponderado do Capital Próprio - WACC | I13: 0.0757 | J13: 0.0729 | K13: 0.0946
A14: 10 Grau economico de Alavanca (3/6) | B14: =B5/B9 -> 0 | C14: =C5/C9 -> 0 | D14: =D5/D9 -> 0 | E14: =E5/E9 -> 0 | G14: 10.1 Rendibilidade do Ativo Total (7/1) | H14: =H9/H3 -> #DIV/0! | I14: =I9/I3 -> #DIV/0! | J14: =J9/J3 -> #DIV/0! | K14: =K9/K3 -> #DIV/0!
G15: 11 Rendibilidade dos Capitais Proprios (9/2) | H15: =H11/H4 -> #DIV/0! | I15: =I11/I4 -> #DIV/0! | J15: =J11/J4 -> #DIV/0! | K15: =K11/K4 -> #DIV/0!
G16: 12 Rendibilidade Bruta do VN ((4-5)/4) | H16: =(H6-H7)/H6 -> #DIV/0! | I16: =(I6-I7)/I6 -> #DIV/0! | J16: =(J6-J7)/J6 -> #DIV/0! | K16: =(K6-K7)/K6 -> #DIV/0!
G17: 13 Efeito dos Custos Fixos (7/(4-5)) | H17: =H9/(H6-H7) -> #DIV/0! | I17: =I9/(I6-I7) -> #DIV/0! | J17: =J9/(J6-J7) -> #DIV/0! | K17: =K9/(K6-K7) -> #DIV/0!
G18: 14 Rotação do Ativo (4/1) | H18: =H6/H3 -> #DIV/0! | I18: =I6/I3 -> #DIV/0! | J18: =J6/J3 -> #DIV/0! | K18: =K6/K3 -> #DIV/0!
G19: 15 Efeito de Alavanca Finaceira (16*17) | H19: =H20*H21 -> #DIV/0! | I19: =I20*I21 -> #DIV/0! | J19: =J20*J21 -> #DIV/0! | K19: =K20*K21 -> #DIV/0!
G20: 16 Grau de Endividamento (3/2) | H20: =H5/H4 -> #DIV/0! | I20: =I5/I4 -> #DIV/0! | J20: =J5/J4 -> #DIV/0! | K20: =K5/K4 -> #DIV/0!
G21: 17 Efeito levier em sentido estrito (10.1-10) | I21: 0.0036 | J21: =J14-J13 -> #DIV/0! | K21: =K14-K13 -> #DIV/0!
G22: RCP=RAT+Efeito Alavanca Financeira | H22: =H14+H19 -> #DIV/0! | I22: =I14+I19 -> #DIV/0! | J22: =J14+J19 -> #DIV/0! | K22: =K14+K19 -> #DIV/0!
G24: Para determinar o efeito Fiscal
G25: 18 Alavanca Finaceira (19*20) | H25: =H26*H27 -> #DIV/0! | I25: =I26*I27 -> #DIV/0! | J25: =J26*J27 -> #DIV/0! | K25: =K26*K27 -> #DIV/0!
G26: 19 Estrutura Financeira (1/2) | H26: =H3/H4 -> #DIV/0! | I26: =I3/I4 -> #DIV/0! | J26: =J3/J4 -> #DIV/0! | K26: =K3/K4 -> #DIV/0!
G27: 20 Efeito dos Resultados Finaceiros (8/7) | H27: =H10/H9 -> 0 | I27: =I10/I9 -> 0 | J27: =J10/J9 -> 0 | K27: =K10/K9 -> 0
G28: 21Efeito Fiscal (9/8) | H28: =H11/H10 -> #DIV/0! | I28: =I11/I10 -> #DIV/0! | J28: =J11/J10 -> #DIV/0! | K28: =K11/K10 -> #DIV/0!
G29: RCP=RAT * Alavanca Financeira * Efeito Fiscal | H29: =H14*H25*H28 -> #DIV/0! | I29: =I14*I25*I28 -> #DIV/0! | J29: =J14*J25*J28 -> #DIV/0! | K29: =K14*K25*K28 -> #DIV/0!
